Workbook

Sheet POAI_2014_Políticas_$
C1: RECURSOS ASIGNADOS 2014 (CERTIFICADOS POR GERENCIA FINANCIERA) - POR METAS DE PRODUCTO ($ de 2014)
A2: CÓD. CONS. POLÍTICA | B2: POLÍTICA | C2: ICLD (Propios) | D2: SOB. BOMB. | E2: SOB. GAS. | F2: IMP. ESPEC. | G2: CONT. VALOR. | H2: PLUSV. | I2: CESIONES | J2: CONT. MIG. IB. | K2: CONT. CONTR. | L2: REC. LEY 99 | M2: EST. PROC. | N2: IMP. ULUMB. | O2: SGP MAT. | P2: SGP GRAT. | Q2: SGP ALIM. | R2: SGP PRIM. | S2: SGP AGUA | T2: SGP DEP. | U2: SGP CULT. | V2: SGP LIBRE | W2: SGP REG. SUB. | X2: SGP S. PUB. | Y2: ETESA | Z2: FOSYGA | AA2: CAJA COMP. | AB2: RENTAS CED. | AC2: REND. ICLD | AD2: REND. SGP ED. | AE2: REND. SGP AGUA | AF2: REND. SGP PROP. | AG2: REND. SGP REG. | AH2: REND. SGP SAL. | AI2: REND. ETESA | AJ2: OTROS REND. | AK2: FOND. ACT. LUD. | AL2: FOND. VIV. | AM2: FOND. ASIST. AG. | AN2: FOND. SOLID. | AO2: CREDITO | AP2: TOTAL ASIGNADO 2014 POR METAS DE PRODUCTO
A3: 0101 | B3: Camino para la construcción de un ciudadano participativo, productivo y competitivo | C3: =SUM('POAI_2014_Metas Prod'!AC7:AC42) -> 2770100000 | D3: =SUM('POAI_2014_Metas Prod'!AD7:AD42) -> 0 | E3: =SUM('POAI_2014_Metas Prod'!AE7:AE42) -> 0 | F3: =SUM('POAI_2014_Metas Prod'!AF7:AF42) -> 0 | G3: =SUM('POAI_2014_Metas Prod'!AG7:AG42) -> 0 | H3: =SUM('POAI_2014_Metas Prod'!AH7:AH42) -> 0 | I3: =SUM('POAI_2014_Metas Prod'!AI7:AI42) -> 0 | J3: =SUM('POAI_2014_Metas Prod'!AJ7:AJ42) -> 0 | ... AO3: =SUM('POAI_2014_Metas Prod'!BO7:BO42) -> 0 | AP3: =SUM(C3:AO3) -> 3.5166337e+09
A4: 0102 | B4: Bienestar y Calidad de Vida a través de servicios de salud eficientes y oportuno | C4: =SUM('POAI_2014_Metas Prod'!AC43:AC60) -> 9.5835105e+08 | D4: =SUM('POAI_2014_Metas Prod'!AD43:AD60) -> 0 | E4: =SUM('POAI_2014_Metas Prod'!AE43:AE60) -> 0 | F4: =SUM('POAI_2014_Metas Prod'!AF43:AF60) -> 0 | G4: =SUM('POAI_2014_Metas Prod'!AG43:AG60) -> 0 | H4: =SUM('POAI_2014_Metas Prod'!AH43:AH60) -> 0 | I4: =SUM('POAI_2014_Metas Prod'!AI43:AI60) -> 0 | J4: =SUM('POAI_2014_Metas Prod'!AJ43:AJ60) -> 0 | ... AO4: =SUM('POAI_2014_Metas Prod'!BO43:BO60) -> 0 | AP4: =SUM(C4:AO4) -> 3.4228389e+09
A5: 0103 | B5: Tocancipá Segura | C5: =SUM('POAI_2014_Metas Prod'!AC61:AC75) -> 180090000 | D5: =SUM('POAI_2014_Metas Prod'!AD61:AD75) -> 4.0357706e+08 | E5: =SUM('POAI_2014_Metas Prod'!AE61:AE75) -> 0 | F5: =SUM('POAI_2014_Metas Prod'!AF61:AF75) -> 0 | G5: =SUM('POAI_2014_Metas Prod'!AG61:AG75) -> 0 | H5: =SUM('POAI_2014_Metas Prod'!AH61:AH75) -> 0 | I5: =SUM('POAI_2014_Metas Prod'!AI61:AI75) -> 0 | J5: =SUM('POAI_2014_Metas Prod'!AJ61:AJ75) -> 0 | ... AO5: =SUM('POAI_2014_Metas Prod'!BO61:BO75) -> 0 | AP5: =SUM(C5:AO5) -> 2.2944001e+09
A6: 0104 | B6: Nuevos Vientos Culturales y Turísticos | C6: =SUM('POAI_2014_Metas Prod'!AC76:AC91) -> 2421140400 | D6: =SUM('POAI_2014_Metas Prod'!AD76:AD91) -> 0 | E6: =SUM('POAI_2014_Metas Prod'!AE76:AE91) -> 0 | F6: =SUM('POAI_2014_Metas Prod'!AF76:AF91) -> 0 | G6: =SUM('POAI_2014_Metas Prod'!AG76:AG91) -> 0 | H6: =SUM('POAI_2014_Metas Prod'!AH76:AH91) -> 0 | I6: =SUM('POAI_2014_Metas Prod'!AI76:AI91) -> 0 | J6: =SUM('POAI_2014_Metas Prod'!AJ76:AJ91) -> 0 | ... AO6: =SUM('POAI_2014_Metas Prod'!BO76:BO91) -> 0 | AP6: =SUM(C6:AO6) -> 2756962998
A7: 0105 | B7: Desarrollo armónico e integral del ser humano por medio del deporte | C7: =SUM('POAI_2014_Metas Prod'!AC92:AC103) -> 959800000 | D7: =SUM('POAI_2014_Metas Prod'!AD92:AD103) -> 0 | E7: =SUM('POAI_2014_Metas Prod'!AE92:AE103) -> 0 | F7: =SUM('POAI_2014_Metas Prod'!AF92:AF103) -> 0 | G7: =SUM('POAI_2014_Metas Prod'!AG92:AG103) -> 0 | H7: =SUM('POAI_2014_Metas Prod'!AH92:AH103) -> 0 | I7: =SUM('POAI_2014_Metas Prod'!AI92:AI103) -> 0 | J7: =SUM('POAI_2014_Metas Prod'!AJ92:AJ103) -> 5.1153167e+08 | ... AO7: =SUM('POAI_2014_Metas Prod'!BO92:BO103) -> 0 | AP7: =SUM(C7:AO7) -> 1.6093831e+09
A8: 0201 | B8: Inclusión Social, Politicamente responsables y con corresponsabilidad de todos los actores | C8: =SUM('POAI_2014_Metas Prod'!AC104:AC128) -> 4354212100 | D8: =SUM('POAI_2014_Metas Prod'!AD104:AD128) -> 0 | E8: =SUM('POAI_2014_Metas Prod'!AE104:AE128) -> 0 | F8: =SUM('POAI_2014_Metas Prod'!AF104:AF128) -> 0 | G8: =SUM('POAI_2014_Metas Prod'!AG104:AG128) -> 0 | H8: =SUM('POAI_2014_Metas Prod'!AH104:AH128) -> 0 | I8: =SUM('POAI_2014_Metas Prod'!AI104:AI128) -> 0 | J8: =SUM('POAI_2014_Metas Prod'!AJ104:AJ128) -> 0 | ... AO8: =SUM('POAI_2014_Metas Prod'!BO104:BO128) -> 0 | AP8: =SUM(C8:AO8) -> 4426117167
A9: 0301 | B9: Espacios Verdes: Herencia para nuestros hijos | C9: =SUM('POAI_2014_Metas Prod'!AC129:AC145) -> 1148831800 | D9: =SUM('POAI_2014_Metas Prod'!AD129:AD145) -> 0 | E9: =SUM('POAI_2014_Metas Prod'!AE129:AE145) -> 0 | F9: =SUM('POAI_2014_Metas Prod'!AF129:AF145) -> 0 | G9: =SUM('POAI_2014_Metas Prod'!AG129:AG145) -> 0 | H9: =SUM('POAI_2014_Metas Prod'!AH129:AH145) -> 0 | I9: =SUM('POAI_2014_Metas Prod'!AI129:AI145) -> 0 | J9: =SUM('POAI_2014_Metas Prod'!AJ129:AJ145) -> 0 | ... AO9: =SUM('POAI_2014_Metas Prod'!BO129:BO145) -> 0 | AP9: =SUM(C9:AO9) -> 1433634300
A10: 0401 | B10: Tocancipá sostenible y sustentable: Municipio proyectado y planificado a largo plazo | C10: =SUM('POAI_2014_Metas Prod'!AC146:AC167) -> 9.1798553e+09 | D10: =SUM('POAI_2014_Metas Prod'!AD146:AD167) -> 0 | E10: =SUM('POAI_2014_Metas Prod'!AE146:AE167) -> 1042091000 | F10: =SUM('POAI_2014_Metas Prod'!AF146:AF167) -> 84476000 | G10: =SUM('POAI_2014_Metas Prod'!AG146:AG167) -> 330000000 | H10: =SUM('POAI_2014_Metas Prod'!AH146:AH167) -> 2408073698 | I10: =SUM('POAI_2014_Metas Prod'!AI146:AI167) -> 0 | J10: =SUM('POAI_2014_Metas Prod'!AJ146:AJ167) -> 2.1922786e+08 | ... AO10: =SUM('POAI_2014_Metas Prod'!BO146:BO167) -> 5061550000 | AP10: =SUM(C10:AO10) -> 2.1982689e+10
A11: 0501 | B11: Por una Tocancipá Productiva y Competitiva | C11: =SUM('POAI_2014_Metas Prod'!AC168:AC178) -> 967000000 | D11: =SUM('POAI_2014_Metas Prod'!AD168:AD178) -> 0 | E11: =SUM('POAI_2014_Metas Prod'!AE168:AE178) -> 0 | F11: =SUM('POAI_2014_Metas Prod'!AF168:AF178) -> 0 | G11: =SUM('POAI_2014_Metas Prod'!AG168:AG178) -> 0 | H11: =SUM('POAI_2014_Metas Prod'!AH168:AH178) -> 0 | I11: =SUM('POAI_2014_Metas Prod'!AI168:AI178) -> 0 | J11: =SUM('POAI_2014_Metas Prod'!AJ168:AJ178) -> 0 | ... AO11: =SUM('POAI_2014_Metas Prod'!BO168:BO178) -> 0 | AP11: =SUM(C11:AO11) -> 973362065
A12: 0601 | B12: Transparencia y participación ciudadana: eje de una gestión pública eficiente | C12: =SUM('POAI_2014_Metas Prod'!AC179:AC195) -> 1037900000 | D12: =SUM('POAI_2014_Metas Prod'!AD179:AD195) -> 0 | E12: =SUM('POAI_2014_Metas Prod'!AE179:AE195) -> 0 | F12: =SUM('POAI_2014_Metas Prod'!AF179:AF195) -> 0 | G12: =SUM('POAI_2014_Metas Prod'!AG179:AG195) -> 0 | H12: =SUM('POAI_2014_Metas Prod'!AH179:AH195) -> 0 | I12: =SUM('POAI_2014_Metas Prod'!AI179:AI195) -> 0 | J12: =SUM('POAI_2014_Metas Prod'!AJ179:AJ195) -> 0 | ... AO12: =SUM('POAI_2014_Metas Prod'!BO179:BO195) -> 0 | AP12: =SUM(C12:AO12) -> 1037900000
B13: TOTALES | C13: =SUM(C3:C12) -> 2.3977281e+10 | D13: =SUM(D3:D12) -> 4.0357706e+08 | E13: =SUM(E3:E12) -> 1042091000 | F13: =SUM(F3:F12) -> 84476000 | G13: =SUM(G3:G12) -> 330000000 | H13: =SUM(H3:H12) -> 2408073698 | I13: =SUM(I3:I12) -> 0 | J13: =SUM(J3:J12) -> 730759524 | ... AP13: =SUM(AP3:AP12) -> 43453921017 | AR13: 43453921017 | AT13: =+AP13-AR13 -> 0
B15: TECHO PRESUPUESTAL | C15: =+'TECHOS PRESUPUESTALES 2014'!C9 -> 2.3977281e+10 | D15: =+'TECHOS PRESUPUESTALES 2014'!C11 -> 4.0357706e+08 | E15: =+'TECHOS PRESUPUESTALES 2014'!C12 -> 1042091000 | F15: =+'TECHOS PRESUPUESTALES 2014'!C13 -> 84476000 | G15: =+'TECHOS PRESUPUESTALES 2014'!C14 -> 330000000 | H15: =+'TECHOS PRESUPUESTALES 2014'!C15 -> 2408073698 | I15: =+'TECHOS PRESUPUESTALES 2014'!C16 -> 0 | J15: =+'TECHOS PRESUPUESTALES 2014'!C17 -> 730759524 | K15: =+'TECHOS PRESUPUESTALES 2014'!C18 -> 1710733000 | L15: =+'TECHOS PRESUPUESTALES 2014'!C19 -> 569605000 | M15: =+'TECHOS PRESUPUESTALES 2014'!C21 -> 231055000 | N15: =+'TECHOS PRESUPUESTALES 2014'!C22 -> 214843000 | O15: =+'TECHOS PRESUPUESTALES 2014'!C23 -> 471318035 | P15: =+'TECHOS PRESUPUESTALES 2014'!C24 -> 532877000 | Q15: =+'TECHOS PRESUPUESTALES 2014'!C25 -> 71905067 | R15: =+'TECHOS PRESUPUESTALES 2014'!C26 -> 0 | S15: =+'TECHOS PRESUPUESTALES 2014'!C27 -> 627203496 | T15: =+'TECHOS PRESUPUESTALES 2014'!C28 -> 138051463 | U15: =+'TECHOS PRESUPUESTALES 2014'!C29 -> 103538598 | V15: =+'TECHOS PRESUPUESTALES 2014'!C30 -> 1311488905 | W15: =+'TECHOS PRESUPUESTALES 2014'!C31 -> 592582137 | X15: =+'TECHOS PRESUPUESTALES 2014'!C32 -> 131546231 | Y15: =+'TECHOS PRESUPUESTALES 2014'!C33 -> 42382703 | Z15: =+'TECHOS PRESUPUESTALES 2014'!C34 -> 849622614 | AA15: =+'TECHOS PRESUPUESTALES 2014'!C35 -> 450323371 | AB15: =+'TECHOS PRESUPUESTALES 2014'!C36 -> 382110888 | AC15: =+'TECHOS PRESUPUESTALES 2014'!C37 -> 790394940 | AD15: =+'TECHOS PRESUPUESTALES 2014'!C38 -> 3474618 | AE15: =+'TECHOS PRESUPUESTALES 2014'!C39 -> 9205236 | AF15: =+'TECHOS PRESUPUESTALES 2014'!C40 -> 28503988 | AG15: =+'TECHOS PRESUPUESTALES 2014'!C41 -> 10991042 | AH15: =+'TECHOS PRESUPUESTALES 2014'!C42 -> 300000 | AI15: =+'TECHOS PRESUPUESTALES 2014'!C43 -> 4628895 | AJ15: =+'TECHOS PRESUPUESTALES 2014'!C44 -> 41604832 | AK15: =+'TECHOS PRESUPUESTALES 2014'!C45 -> 1229000 | AL15: =+'TECHOS PRESUPUESTALES 2014'!C46 -> 0 | AM15: =+'TECHOS PRESUPUESTALES 2014'!C47 -> 6362065 | AN15: =+'TECHOS PRESUPUESTALES 2014'!C48 -> 88231991 | AO15: =+'TECHOS PRESUPUESTALES 2014'!C49 -> 5061550000 | AP15: =SUM(C15:AO15) -> 4.3453921e+10 | AR15: 43453921017 | AT15: =+AP15-AR15 -> 0.0019836426
B17: PENDIENTE POR DISTRIBUIR | C17: =+C15-C13 -> 0 | D17: =+D15-D13 -> 0.0019840002 | E17: =+E15-E13 -> 0 | F17: =+F15-F13 -> 0 | G17: =+G15-G13 -> 0 | H17: =+H15-H13 -> 0 | I17: =+I15-I13 -> 0 | J17: =+J15-J13 -> 0 | ... AP17: =+AP15-AP13 -> 0.0019836426
AP22: 43453921017
AP25: =+AP13-AP22 -> 0
AP28: =+AP15-AP22 -> 0.0019836426

Sheet POAI_2014_Metas Prod
A1: MUNICIPIO DE TOCANCIPÁ
A2: PLAN DE DESARROLLO MUNICIPAL "TOCANCIPÁ INCLUYENTE Y PARTICIPATIVA (2012 - 2015)
A3: PLAN OPERATIVO ANUAL DE INVERSIONES - VIGENCIA 2014
A4: Objetivo general del plan: Avanzar en procesos de desarrollo integral a través de estrategias que articulen las potencialidades del municipio de Tocancipá.
A5: Visión compartida de desarrollo. Tocancipá capital industrial del Departamento, se convertirá para el 2050 en una ciudad competente, sostenible y generadora de desarrollo integral, mediante la optimización de los niveles de calidad de vida de su población, a través de la armonización y concertación con corresponsabilidad social. | X5: INFORMACIÓN FINANCIERA INICIAL PLAN INDICATIVO A PESOS ($) DE 2012 | AA5: INFORMACIÓN FINANCIERA ACTUALIZADA A PESOS ($) DE LA VIGENCIA 2014 | AC5: RECURSOS ASIGNADOS 2014 (CERTIFICADOS POR GERENCIA FINANCIERA) - POR METAS DE PRODUCTO ($ de 2014)
A6: CÓD DIMENSIÓN | B6: DIMENSIÓN | C6: POND % DIMEN 2013 | D6: CÓD. CONS. POLÍTICA | E6: POLÍTICA | F6: POND % POLIT 2013 | G6: Sectores Guía DNP | H6: CÓD. CONS. PROGR. | I6: PROGRAMAS DE INVERSIÓN | J6: CÓD. CONS. META RESULTADO | K6: DESCRIPCIÓN DE LAS METAS DE RESULTADO | L6: POND % META RESULT | M6: TIPO DE META | N6: LÍNEA BASE IND. RESULTADO (DICIEMBRE DE 2011) | O6: CANT. IND. RESULTADO CUATRIENIO | P6: CÓD. CONS. PROYECTO | Q6: PROYECTO | R6: CÓD. CONS. META PROD | S6: DESCRIPCIÓN DE LAS METAS DE PRODUCTO | T6: NOMBRE INDICADOR META PRODUCTO | U6: LÍNEA BASE IND. PROD. (DICIEMBRE DE 2011) | V6: CANT. IND. META PRODUCTO CUATRIENIO | W6: CANT. IND. META PRODUCTO 2014 | X6: V/R Programado POR META PRODUCTO VIGENCIA 2014 ($ de 2012) | Z6: SUBTOTALES PROGRAMAS DE INVERSIÓN PLAN INDICATIVO ($ DE 2012) | AA6: V/R Programado PLAN INDICATIVO POR META PROD (Actualización $ de 2014) | AB6: V/R Solicitado PROGRAMAS DE INVERSIÓN 2014 ($ de 2014) | AC6: ICLD (Propios) | AD6: SOB. BOMB. | AE6: SOB. GAS. | AF6: IMP. ESPEC. | AG6: CONT. VALOR. | AH6: PLUSV. | AI6: CESIONES | AJ6: CONT. MIG. IB. | AK6: CONT. CONTR. | AL6: REC. LEY 99 | AM6: EST. PROC. | AN6: IMP. ULUMB. | AO6: SGP MAT. | AP6: SGP GRAT. | AQ6: SGP ALIM. | AR6: SGP PRIM. | AS6: SGP AGUA | AT6: SGP DEP. | AU6: SGP CULT. | AV6: SGP LIBRE | AW6: SGP REG. SUB. | AX6: SGP S. PUB. | AY6: ETESA | AZ6: FOSYGA | BA6: CAJA COMP. | BB6: RENTAS CED. | BC6: REND. ICLD | BD6: REND. SGP ED. | BE6: REND. SGP AGUA | BF6: REND. SGP PROP. | BG6: REND. SGP REG. | BH6: REND. SGP SAL. | BI6: REND. ETESA | BJ6: OTROS REND. | BK6: FOND. ACT. LUD. | BL6: FOND. VIV. | BM6: FOND. ASIST. AG. | BN6: FOND. SOLID. | BO6: CREDITO | BP6: TOTAL ASIGNADO 2014 POR METAS DE PRODUCTO | BQ6: V/R POR FINANCIAR 2014 | BR6: VALIDADOR FINANCIACIÓN | BS6: DEPENDENCIA RESPONSABLE / CARGO RESPONSABLE | CT6: REDUCCIÓN ICLD POR PLUSVALÍA | CU6: REDUCCIÓN ICLD POR CESIONES | CV6: REDUCCIÓN ICLD POR VIV_CESIONES
A7: 01 | B7: SOCIO CULTURAL | C7: =+(Z7+Z18+Z24+Z39+Z41+Z43+Z48+Z53+Z61+Z70+Z73+Z76+Z85+Z88+Z92+Z96)/$Z$196 -> 0.16705545 | D7: 0101 | E7: Camino para la construcción de un ciudadano participativo, productivo y competitivo | F7: =+(Z7+Z18+Z24+Z39+Z41)/$Z$196 -> 0.069845447 | G7: Educación | H7: 010101 | I7: Calidad, eficiencia y cobertura educativa | J7: 010101-MR1 | K7: Mejorar los resultados de pruebas ICFES en las Instituciones Educativa Municipales: Técnico Comercial a Superior; Técnico Industrial a Superior; La Fuente a Alto. | L7: =+(SUM(X7:X11))/$Z$196 -> 0.0071902391 | N7: Técnico Comercial Alto; Técnico Industrial , Alto; La Fuente, Medio. | O7: Técnico Comercial (0.745085 hasta 0.8318356); Técnico Industrial (0.745085 hasta 0.8318356); La Fuente (0.6778498 hasta 0.745085). | P7: 01010101 | Q7: Tocancipá por la calidad de la educación. | R7: 01010101-MP1 | S7: Reformular el plan educativo municipal. | T7: Plan Educativo Municipal Reformulado | U7: 1 | V7: 1 | W7: 1 | X7: 0 | Y7: =+X7*1.0244 -> 0 | Z7: =SUM(X7:X17) -> 4529216000 | AA7: =+Y7*1.04 -> 0 | AB7: =SUM(AA7:AA17) -> 4.825318e+09 | BP7: =SUM(AC7:BO7) -> 0 | BQ7: =+AA7-BP7 -> 0 | BR7: =+IF(AA7>=BP7,"CORRECTO","INCORRECTO") -> CORRECTO | BS7: GERENCIA DE EDUCACION | BT7: GERENTE DE EDUCACION
A8: 01 | B8: SOCIO CULTURAL | D8: 0101 | E8: Camino para la construcción de un ciudadano participativo, productivo y competitivo | H8: 010101 | I8: Calidad, eficiencia y cobertura educativa | J8: 010101-MR1 | K8: Mejorar los resultados de pruebas ICFES en las Instituciones Educativa Municipales: Técnico Comercial a Superior; Técnico Industrial a Superior; La Fuente a Alto. | N8: Técnico Comercial Alto; Técnico Industrial , Alto; La Fuente, Medio. | P8: 01010101 | Q8: Tocancipá por la calidad de la educación. | R8: 01010101-MP2 | S8: Implementar el sistema de gestión de calidad en el sector educativo. | T8: Número de IED con Sistemas de Gestión de Calidad Implementado | U8: 0 | V8: 3 | W8: 2 | X8: 150000000 | Y8: =+X8*1.0244 -> 153660000 | AA8: =+Y8*1.04 -> 159806400 | BP8: =SUM(AC8:BO8) -> 0 | BQ8: =+AA8-BP8 -> 159806400 | BR8: =+IF(AA8>=BP8,"CORRECTO","INCORRECTO") -> CORRECTO | BS8: GERENCIA DE EDUCACION | BT8: GERENTE DE EDUCACION
A9: 01 | B9: SOCIO CULTURAL | D9: 0101 | E9: Camino para la construcción de un ciudadano participativo, productivo y competitivo | H9: 010101 | I9: Calidad, eficiencia y cobertura educativa | J9: 010101-MR1 | K9: Mejorar los resultados de pruebas ICFES en las Instituciones Educativa Municipales: Técnico Comercial a Superior; Técnico Industrial a Superior; La Fuente a Alto. | N9: Técnico Comercial Alto; Técnico Industrial , Alto; La Fuente, Medio. | P9: 01010101 | Q9: Tocancipá por la calidad de la educación. | R9: 01010101-MP3 | S9: Mejorar el modelo pedagógico acorde a las necesidades del municipio a través de la resignificación del Proyecto Educativo Institucional (PEI) | T9: Número de PEI's Reformulados | U9: 3 | V9: 3 | W9: 3 | X9: 558216000 | Y9: =+X9*1.0244 -> 5.7183647e+08 | AA9: =+Y9*1.04 -> 5.9470993e+08 | AP9: 532877000 | BP9: =SUM(AC9:BO9) -> 532877000 | BQ9: =+AA9-BP9 -> 61832929 | BR9: =+IF(AA9>=BP9,"CORRECTO","INCORRECTO") -> CORRECTO | BS9: GERENCIA DE EDUCACION | BT9: GERENTE DE EDUCACION
A10: 01 | B10: SOCIO CULTURAL | D10: 0101 | E10: Camino para la construcción de un ciudadano participativo, productivo y competitivo | H10: 010101 | I10: Calidad, eficiencia y cobertura educativa | J10: 010101-MR1 | K10: Mejorar los resultados de pruebas ICFES en las Instituciones Educativa Municipales: Técnico Comercial a Superior; Técnico Industrial a Superior; La Fuente a Alto. | N10: Técnico Comercial Alto; Técnico Industrial , Alto; La Fuente, Medio. | P10: 01010101 | Q10: Tocancipá por la calidad de la educación. | R10: 01010101-MP4 | S10: Capacitar a 216 docentes en el sistema de evaluación por competencias. | T10: Número de Docentes Capacitados | U10: 216 | V10: 216 | W10: 216 | X10: 150000000 | Y10: =+X10*1.0244 -> 153660000 | AA10: =+Y10*1.04 -> 159806400 | BP10: =SUM(AC10:BO10) -> 0 | BQ10: =+AA10-BP10 -> 159806400 | BR10: =+IF(AA10>=BP10,"CORRECTO","INCORRECTO") -> CORRECTO | BS10: GERENCIA DE EDUCACION | BT10: GERENTE DE EDUCACION
A11: 01 | B11: SOCIO CULTURAL | D11: 0101 | E11: Camino para la construcción de un ciudadano participativo, productivo y competitivo | H11: 010101 | I11: Calidad, eficiencia y cobertura educativa | J11: 010101-MR1 | K11: Mejorar los resultados de pruebas ICFES en las Instituciones Educativa Municipales: Técnico Comercial a Superior; Técnico Industrial a Superior; La Fuente a Alto. | N11: Técnico Comercial Alto; Técnico Industrial , Alto; La Fuente, Medio. | P11: 01010101 | Q11: Tocancipá por la calidad de la educación. | R11: 01010101-MP5 | S11: Adoptar 3 nuevos modelos estratégicos para fortalecer la lecto-escritura y lógica matemática en los procesos pedagógicos. | T11: Número de Modelos Pedagógicos adoptados | U11: 1 | V11: 3 | W11: 2 | X11: 5000000 | Y11: =+X11*1.0244 -> 5122000 | AA11: =+Y11*1.04 -> 5326880 | AC11: =75000000-2900000 -> 72100000 | BP11: =SUM(AC11:BO11) -> 72100000 | BQ11: =+AA11-BP11 -> -66773120 | BR11: =+IF(AA11>=BP11,"CORRECTO","INCORRECTO") -> INCORRECTO | BS11: GERENCIA DE EDUCACION | BT11: GERENTE DE EDUCACION
A12: 01 | B12: SOCIO CULTURAL | D12: 0101 | E12: Camino para la construcción de un ciudadano participativo, productivo y competitivo | H12: 010101 | I12: Calidad, eficiencia y cobertura educativa | J12: 010101-MR2 | K12: Alcanzar el 95% la Tasa de Cobertura Bruta en Preescolar. | L12: =+(SUM(X12:X12))/$Z$196 -> 0.0099955132 | N12: 0.8495 | O12: 95 | P12: 01010102 | Q12: Mejorando la cobertrua de los programas educativos | R12: 01010102-MP1 | S12: Aumentar a 1789 estudiantes beneficiados del servicio de transporte escolar. | T12: Estudiantes Beneficiados del Servicio de Ruta Escolar | U12: 1600 | V12: 1789 | W12: 1789 | X12: 1200000000 | Y12: =+X12*1.0244 -> 1229280000 | AA12: =+Y12*1.04 -> 1278451200 | AC12: 730000000 | BP12: =SUM(AC12:BO12) -> 730000000 | BQ12: =+AA12-BP12 -> 548451200 | BR12: =+IF(AA12>=BP12,"CORRECTO","INCORRECTO") -> CORRECTO | BS12: GERENCIA DE EDUCACION | BT12: GERENTE DE EDUCACION
A13: 01 | B13: SOCIO CULTURAL | D13: 0101 | E13: Camino para la construcción de un ciudadano participativo, productivo y competitivo | H13: 010101 | I13: Calidad, eficiencia y cobertura educativa | J13: 010101-MR3 | K13: Alcanzar el 99% la Tasa de Cobertura Bruta en Báscia Primaria (LB 2664) | L13: =+(SUM(X13:X13))/$Z$196 -> 0.0005830716 | N13: 98,5% (2664) | O13: 99 | P13: 01010102 | Q13: Mejorando la cobertrua de los programas educativos | R13: 01010102-MP2 | S13: Implementar un sistema de transporte alternativo. | T13: Transporte Escolar Alternativo implementado | U13: 0 | V13: 1 | W13: 1 | X13: 70000000 | Y13: =+X13*1.0244 -> 71708000 | AA13: =+Y13*1.04 -> 74576320 | AC13: 20000000 | BP13: =SUM(AC13:BO13) -> 20000000 | BQ13: =+AA13-BP13 -> 54576320 | BR13: =+IF(AA13>=BP13,"CORRECTO","INCORRECTO") -> CORRECTO | BS13: GERENCIA DE EDUCACION | BT13: GERENTE DE EDUCACION
A14: 01 | B14: SOCIO CULTURAL | D14: 0101 | E14: Camino para la construcción de un ciudadano participativo, productivo y competitivo | H14: 010101 | I14: Calidad, eficiencia y cobertura educativa | J14: 010101-MR4 | K14: Aumentar al 95% la Tasa de Cobertura Bruta en Secundaria y Media. | L14: =+(SUM(X14:X14))/$Z$196 -> 0.01929134 | N14: 93,23% (LB 3620) | O14: 95 | P14: 01010102 | Q14: Mejorando la cobertrua de los programas educativos | R14: 01010102-MP3 | S14: Dotar con elementos didácticos las sedes de las 3 Instituciones Educativas. | T14: Instituciones Educativas Dotadas | U14: ND | V14: 3 | W14: 3 | X14: 2316000000 | Y14: =+X14*1.0244 -> 2372510400 | AA14: =+Y14*1.04 -> 2467410816 | AO14: =471318035*0.45 -> 2.1209312e+08 | BD14: =3474618*0.45 -> 1563578.1 | BP14: =SUM(AC14:BO14) -> 2.1365669e+08 | BQ14: =+AA14-BP14 -> 2.2537541e+09 | BR14: =+IF(AA14>=BP14,"CORRECTO","INCORRECTO") -> CORRECTO | BS14: GERENCIA DE EDUCACION | BT14: GERENTE DE EDUCACION
A15: 01 | B15: SOCIO CULTURAL | D15: 0101 | E15: Camino para la construcción de un ciudadano participativo, productivo y competitivo | H15: 010101 | I15: Calidad, eficiencia y cobertura educativa | J15: 010101-MR5 | K15: Atender el 100% de la población analfabeta registrada en las estadistics del SISBEN. | L15: =+(SUM(X15:X15))/$Z$196 -> 0.00033318377 | N15: 0 | O15: 100 | P15: 01010102 | Q15: Mejorando la cobertrua de los programas educativos | R15: 01010102-MP4 | S15: Atender a 523 adultos adicionales a través del programa de alfabetización. | T15: Usuarios Programa Alfabetización atendidos | U15: 404 | V15: 523 | W15: 510 | X15: 40000000 | Y15: =+X15*1.0244 -> 40976000 | AA15: =+Y15*1.04 -> 42615040 | AC15: 5000000 | BP15: =SUM(AC15:BO15) -> 5000000 | BQ15: =+AA15-BP15 -> 37615040 | BR15: =+IF(AA15>=BP15,"CORRECTO","INCORRECTO") -> CORRECTO | BS15: GERENCIA DE EDUCACION | BT15: GERENTE DE EDUCACION
A16: 01 | B16: SOCIO CULTURAL | D16: 0101 | E16: Camino para la construcción de un ciudadano participativo, productivo y competitivo | H16: 010101 | I16: Calidad, eficiencia y cobertura educativa | J16: 010101-MR6 | K16: Atender al 80% niños y jóvenes en Extra Edad. | L16: =+(SUM(X16:X17))/$Z$196 -> 0.00033318377 | N16: 0 | O16: 80 | P16: 01010102 | Q16: Mejorando la cobertrua de los programas educativos | R16: 01010102-MP5 | S16: Atender al 80% de los niños y jóvenes en situación de extra edad existentes en el municipio, con la estrategia de aceleración del aprendizaje. | T16: Población Atendida Programa Extra Edad | U16: 80 | V16: 80 | W16: 65 | X16: 40000000 | Y16: =+X16*1.0244 -> 40976000 | AA16: =+Y16*1.04 -> 42615040 | AC16: 500000 | BP16: =SUM(AC16:BO16) -> 500000 | BQ16: =+AA16-BP16 -> 42115040 | BR16: =+IF(AA16>=BP16,"CORRECTO","INCORRECTO") -> CORRECTO | BS16: GERENCIA DE EDUCACION | BT16: GERENTE DE EDUCACION
A17: 01 | B17: SOCIO CULTURAL | D17: 0101 | E17: Camino para la construcción de un ciudadano participativo, productivo y competitivo | H17: 010101 | I17: Calidad, eficiencia y cobertura educativa | J17: 010101-MR6 | K17: Atender al 70% niños y jóvenes en Extra Edad. | N17: 80 | P17: 01010102 | Q17: Mejorando la cobertrua de los programas educativos | R17: 01010102-MP6 | S17: Desarrollar un diagnóstico para determinar la población en extra edad y desescolarizada. | T17: Documento Diagnóstico desarrollado | U17: 0 | V17: 1 | W17: 1 | X17: 0 | Y17: =+X17*1.0244 -> 0 | AA17: =+Y17*1.04 -> 0 | AC17: 500000 | BP17: =SUM(AC17:BO17) -> 500000 | BQ17: =+AA17-BP17 -> -500000 | BR17: =+IF(AA17>=BP17,"CORRECTO","INCORRECTO") -> INCORRECTO | BS17: GERENCIA DE EDUCACION | BT17: GERENTE DE EDUCACION
A18: 01 | B18: SOCIO CULTURAL | D18: 0101 | E18: Camino para la construcción de un ciudadano participativo, productivo y competitivo | G18: Educación | H18: 010102 | I18: Educación Superior | J18: 010102-MR1 | K18: Vincular a la educación técnica o superior al 50% de los estudiantes egresados de las instituciones educativas del municipio, a través de los programas de educación técnica, tecnológica y superior. | L18: =+(SUM(X18:X23))/$Z$196 -> 0.0064137876 | N18: 12% (52) | O18: 50 | P18: 01010201 | Q18: Jóvenes con mayores oportunidades en educación superior. | R18: 01010201-MP1 | S18: Atender a 180 jóvenes a través de la articulación de la educación media con el SENA. | T18: Jóvenes atendidos por el SENA | U18: 60 | V18: 180 | W18: 180 | X18: 70000000 | Y18: =+X18*1.0244 -> 71708000 | Z18: =SUM(X18:X23) -> 770000000 | AA18: =+Y18*1.04 -> 74576320 | AB18: =SUM(AA18:AA23) -> 820339520 | AC18: 10000000 | BP18: =SUM(AC18:BO18) -> 10000000 | BQ18: =+AA18-BP18 -> 64576320 | BR18: =+IF(AA18>=BP18,"CORRECTO","INCORRECTO") -> CORRECTO | BS18: GERENCIA DE EDUCACION | BT18: GERENTE DE EDUCACION
A19: 01 | B19: SOCIO CULTURAL | D19: 0101 | E19: Camino para la construcción de un ciudadano participativo, productivo y competitivo | H19: 010102 | I19: Educación Superior | J19: 010102-MR1 | K19: Vincular a la educación técnica o superior al 50% de los estudiantes egresados de las instituciones educativas del municipio, a través de los programas de educación técnica, tecnológica y superior. | N19: 12% (52) | P19: 01010201 | Q19: Jóvenes con mayores oportunidades en educación superior. | R19: 01010201-MP2 | S19: Implementar la estrategia "Articulación de la educación media con la educación superior" a través de la firma de 3 convenios. | T19: Número de Convenios de Articulación con la Educación Superior Firmados | U19: 1 | V19: 3 | W19: 2 | X19: 0 | Y19: =+X19*1.0244 -> 0 | AA19: =+Y19*1.04 -> 0 | AC19: 500000 | BP19: =SUM(AC19:BO19) -> 500000 | BQ19: =+AA19-BP19 -> -500000 | BR19: =+IF(AA19>=BP19,"CORRECTO","INCORRECTO") -> INCORRECTO | BS19: GERENCIA DE EDUCACION | BT19: GERENTE DE EDUCACION
A20: 01 | B20: SOCIO CULTURAL | D20: 0101 | E20: Camino para la construcción de un ciudadano participativo, productivo y competitivo | H20: 010102 | I20: Educación Superior | J20: 010102-MR1 | K20: Vincular a la educación técnica o superior al 50% de los estudiantes egresados de las instituciones educativas del municipio, a través de los programas de educación técnica, tecnológica y superior. | N20: 12% (52) | P20: 01010201 | Q20: Jóvenes con mayores oportunidades en educación superior. | R20: 01010201-MP3 | S20: Suscribir e implementar 4 convenios con establecimientos educativos técnicos, tecnológicos y de educación superior. | T20: Número de Convenios Firmados con Instituciones de Educación Técnica, Tecnológica o Superior | U20: 1 | V20: 4 | W20: 3 | X20: 140000000 | Y20: =+X20*1.0244 -> 143416000 | AA20: =+Y20*1.04 -> 149152640 | AC20: 500000 | BP20: =SUM(AC20:BO20) -> 500000 | BQ20: =+AA20-BP20 -> 148652640 | BR20: =+IF(AA20>=BP20,"CORRECTO","INCORRECTO") -> CORRECTO | BS20: GERENCIA DE EDUCACION | BT20: GERENTE DE EDUCACION
A21: 01 | B21: SOCIO CULTURAL | D21: 0101 | E21: Camino para la construcción de un ciudadano participativo, productivo y competitivo | H21: 010102 | I21: Educación Superior | J21: 010102-MR1 | K21: Vincular a la educación técnica o superior al 50% de los estudiantes egresados de las instituciones educativas del municipio, a través de los programas de educación técnica, tecnológica y superior. | N21: 12% (52) | P21: 01010201 | Q21: Jóvenes con mayores oportunidades en educación superior. | R21: 01010201-MP4 | S21: Crear y fortalecer el Fondo Educativo Municipal. | T21: Fondo creado y fortalecido | U21: 0 | V21: 1 | W21: 1 | X21: 490000000 | Y21: =+X21*1.0244 -> 501956000 | AA21: =+Y21*1.04 -> 522034240 | AC21: 100000000 | BP21: =SUM(AC21:BO21) -> 100000000 | BQ21: =+AA21-BP21 -> 422034240 | BR21: =+IF(AA21>=BP21,"CORRECTO","INCORRECTO") -> CORRECTO | BS21: GERENCIA DE EDUCACION | BT21: GERENTE DE EDUCACION
A22: 01 | B22: SOCIO CULTURAL | D22: 0101 | E22: Camino para la construcción de un ciudadano participativo, productivo y competitivo | H22: 010102 | I22: Educación Superior | J22: 010102-MR1 | K22: Vincular a la educación técnica o superior al 50% de los estudiantes egresados de las instituciones educativas del municipio, a través de los programas de educación técnica, tecnológica y superior. | N22: 12% (52) | P22: 01010201 | Q22: Jóvenes con mayores oportunidades en educación superior. | R22: 01010201-MP5 | S22: Beneficiar a 120 estudiantes dando continuidad al convenio Icetex. | T22: Número de Estudiantes beneficiaros con el Convenio ICETEX | U22: 120 | V22: 120 | W22: 120 | X22: 0 | Y22: =+X22*1.0244 -> 0 | AA22: =+Y22*1.04 -> 0 | AC22: 500000 | BP22: =SUM(AC22:BO22) -> 500000 | BQ22: =+AA22-BP22 -> -500000 | BR22: =+IF(AA22>=BP22,"CORRECTO","INCORRECTO") -> INCORRECTO | BS22: GERENCIA DE EDUCACION | BT22: GERENTE DE EDUCACION
A23: 01 | B23: SOCIO CULTURAL | D23: 0101 | E23: Camino para la construcción de un ciudadano participativo, productivo y competitivo | H23: 010102 | I23: Educación Superior | J23: 010102-MR1 | K23: Vincular a la educación técnica o superior al 50% de los estudiantes egresados de las instituciones educativas del municipio, a través de los programas de educación técnica, tecnológica y superior. | N23: 12% (52) | P23: 01010201 | Q23: Jóvenes con mayores oportunidades en educación superior. | R23: 01010201-MP6 | S23: Desarrollar una feria universitaria anual. | T23: Ferias realizadas | U23: 1 | V23: 4 | W23: 3 | X23: 70000000 | Y23: =+X23*1.0244 -> 71708000 | AA23: =+Y23*1.04 -> 74576320 | AC23: 5000000 | BP23: =SUM(AC23:BO23) -> 5000000 | BQ23: =+AA23-BP23 -> 69576320 | BR23: =+IF(AA23>=BP23,"CORRECTO","INCORRECTO") -> CORRECTO | BS23: GERENCIA DE EDUCACION | BT23: GERENTE DE EDUCACION
A24: 01 | B24: SOCIO CULTURAL | D24: 0101 | E24: Camino para la construcción de un ciudadano participativo, productivo y competitivo | G24: Educación | H24: 010103 | I24: Apoyo al sistema educativo para una formación integral (con innovación e investigación científica) | J24: 010103-MR1 | K24: Beneficiar a 6700 estudiantes a través del uso de Tecnologías de la Información y la Comunicación (TIC´s). | L24: =+(SUM(X24:X28))/$Z$196 -> 0.0095373855 | N24: 3153 | O24: 6700 | P24: 01010301 | Q24: Uso de las nuevas tecnologías de la información y la comunicación | R24: 01010301-MP1 | S24: Ampliar en las 8 sedes de las instituciones educativas del municipio, el uso pedagógico de las TIC´s en la enseñanza y el aprendizaje. | T24: Número de sedes educativas que aprovechan pedagógicamente las TIC's | U24: 3 | V24: 8 | W24: 8 | X24: 0 | Y24: =+X24*1.0244 -> 0 | Z24: =SUM(X24:X38) -> 2926000000 | AA24: =+Y24*1.04 -> 0 | AB24: =SUM(AA24:AA38) -> 3117290176 | AC24: 500000 | BP24: =SUM(AC24:BO24) -> 500000 | BQ24: =+AA24-BP24 -> -500000 | BR24: =+IF(AA24>=BP24,"CORRECTO","INCORRECTO") -> INCORRECTO | BS24: GERENCIA DE EDUCACION | BT24: GERENTE DE EDUCACION
A25: 01 | B25: SOCIO CULTURAL | D25: 0101 | E25: Camino para la construcción de un ciudadano participativo, productivo y competitivo | H25: 010103 | I25: Apoyo al sistema educativo para una formación integral (con innovación e investigación científica) | J25: 010103-MR1 | K25: Beneficiar a 6700 estudiantes a través del uso de Tecnologías de la Información y la Comunicación (TIC´s). | N25: 3153 | P25: 01010301 | Q25: Uso de las nuevas tecnologías de la información y la comunicación | R25: 01010301-MP2 | S25: Implementar un departamento de sistemas al servicio del sistema educativo. | T25: Departamento de Sistemas implementado | U25: 0 | V25: 1 | W25: 1 | X25: 50000000 | Y25: =+X25*1.0244 -> 51220000 | AA25: =+Y25*1.04 -> 53268800 | AC25: 40000000 | BP25: =SUM(AC25:BO25) -> 40000000 | BQ25: =+AA25-BP25 -> 13268800 | BR25: =+IF(AA25>=BP25,"CORRECTO","INCORRECTO") -> CORRECTO | BS25: GERENCIA DE EDUCACION | BT25: GERENTE DE EDUCACION
A26: 01 | B26: SOCIO CULTURAL | D26: 0101 | E26: Camino para la construcción de un ciudadano participativo, productivo y competitivo | H26: 010103 | I26: Apoyo al sistema educativo para una formación integral (con innovación e investigación científica) | J26: 010103-MR1 | K26: Beneficiar a 6700 estudiantes a través del uso de Tecnologías de la Información y la Comunicación (TIC´s). | N26: 3153 | P26: 01010301 | Q26: Uso de las nuevas tecnologías de la información y la comunicación | R26: 01010301-MP3 | S26: Mantener y dotar los 5 talleres de la IED Técnico Industrial. | T26: Número de Talleres mantenidos y dotados | U26: 5 | V26: 5 | W26: 5 | X26: 0 | Y26: =+X26*1.0244 -> 0 | AA26: =+Y26*1.04 -> 0 | AC26: 10000000 | BP26: =SUM(AC26:BO26) -> 10000000 | BQ26: =+AA26-BP26 -> -10000000 | BR26: =+IF(AA26>=BP26,"CORRECTO","INCORRECTO") -> INCORRECTO | BS26: GERENCIA DE EDUCACION | BT26: GERENTE DE EDUCACION
A27: 01 | B27: SOCIO CULTURAL | D27: 0101 | E27: Camino para la construcción de un ciudadano participativo, productivo y competitivo | H27: 010103 | I27: Apoyo al sistema educativo para una formación integral (con innovación e investigación científica) | J27: 010103-MR1 | K27: Beneficiar a 6700 estudiantes a través del uso de Tecnologías de la Información y la Comunicación (TIC´s). | N27: 3153 | P27: 01010301 | Q27: Uso de las nuevas tecnologías de la información y la comunicación | R27: 01010301-MP4 | S27: Aumentar a 8, las salas de TIC´s en los establecimientos educativos. | T27: Número de Salas TIC's en establecimientos educativos | U27: 3 | V27: 8 | W27: 8 | X27: 300000000 | Y27: =+X27*1.0244 -> 307320000 | AA27: =+Y27*1.04 -> 319612800 | AC27: 265000000 | BP27: =SUM(AC27:BO27) -> 265000000 | BQ27: =+AA27-BP27 -> 54612800 | BR27: =+IF(AA27>=BP27,"CORRECTO","INCORRECTO") -> CORRECTO | BS27: GERENCIA DE EDUCACION | BT27: GERENTE DE EDUCACION
A28: 01 | B28: SOCIO CULTURAL | D28: 0101 | E28: Camino para la construcción de un ciudadano participativo, productivo y competitivo | H28: 010103 | I28: Apoyo al sistema educativo para una formación integral (con innovación e investigación científica) | J28: 010103-MR1 | K28: Beneficiar a 6700 estudiantes a través del uso de Tecnologías de la Información y la Comunicación (TIC´s). | N28: 3153 | P28: 01010301 | Q28: Uso de las nuevas tecnologías de la información y la comunicación | R28: 01010301-MP5 | S28: Reducir a 10 el número de estudiantes por computador. | T28: Número de estudiantes por computador | U28: 20 | V28: 10 | W28: 10 | X28: 795000000 | Y28: =+X28*1.0244 -> 814398000 | AA28: =+Y28*1.04 -> 846973920 | AC28: 360000000 | BP28: =SUM(AC28:BO28) -> 360000000 | BQ28: =+AA28-BP28 -> 486973920 | BR28: =+IF(AA28>=BP28,"CORRECTO","INCORRECTO") -> CORRECTO | BS28: GERENCIA DE EDUCACION | BT28: GERENTE DE EDUCACION
A29: 01 | B29: SOCIO CULTURAL | D29: 0101 | E29: Camino para la construcción de un ciudadano participativo, productivo y competitivo | H29: 010103 | I29: Apoyo al sistema educativo para una formación integral (con innovación e investigación científica) | J29: 010103-MR2 | K29: Beneficiar a 6700 estudiantes con la aplicación de herramientas innovadoras y de tecnología de las 3 instituciones educativas. | L29: =+(SUM(X29:X33))/$Z$196 -> 0.012744279 | N29: ND | O29: 6700 | P29: 01010302 | Q29: Innovación y tecnología; herramientas para el desarrollo. | R29: 01010302-MP1 | S29: Institucionalizar un convenio para intercambios y transferencia de tecnología. | T29: Número de convenios para intercambios y transferencia de tecnología | U29: 1 | V29: 1 | W29: 1 | X29: 50000000 | Y29: =+X29*1.0244 -> 51220000 | AA29: =+Y29*1.04 -> 53268800 | AC29: 500000 | BP29: =SUM(AC29:BO29) -> 500000 | BQ29: =+AA29-BP29 -> 52768800 | BR29: =+IF(AA29>=BP29,"CORRECTO","INCORRECTO") -> CORRECTO | BS29: GERENCIA DE EDUCACION | BT29: GERENTE DE EDUCACION
A30: 01 | B30: SOCIO CULTURAL | D30: 0101 | E30: Camino para la construcción de un ciudadano participativo, productivo y competitivo | H30: 010103 | I30: Apoyo al sistema educativo para una formación integral (con innovación e investigación científica) | J30: 010103-MR2 | K30: Beneficiar a 6700 estudiantes con la aplicación de herramientas innovadoras y de tecnología de las 3 instituciones educativas. | N30: ND | P30: 01010302 | Q30: Innovación y tecnología; herramientas para el desarrollo. | R30: 01010302-MP2 | S30: Establecer un plan de incentivos educativos. | T30: Plan de incentivos establecido | U30: 0 | V30: 1 | W30: 1 | X30: 200000000 | Y30: =+X30*1.0244 -> 204880000 | AA30: =+Y30*1.04 -> 213075200 | AC30: 500000 | BP30: =SUM(AC30:BO30) -> 500000 | BQ30: =+AA30-BP30 -> 212575200 | BR30: =+IF(AA30>=BP30,"CORRECTO","INCORRECTO") -> CORRECTO | BS30: GERENCIA DE EDUCACION | BT30: GERENTE DE EDUCACION
A31: 01 | B31: SOCIO CULTURAL | D31: 0101 | E31: Camino para la construcción de un ciudadano participativo, productivo y competitivo | H31: 010103 | I31: Apoyo al sistema educativo para una formación integral (con innovación e investigación científica) | J31: 010103-MR2 | K31: Beneficiar a 6700 estudiantes con la aplicación de herramientas innovadoras y de tecnología de las 3 instituciones educativas. | N31: ND | P31: 01010302 | Q31: Innovación y tecnología; herramientas para el desarrollo. | R31: 01010302-MP3 | S31: Implementar la modalidad técnica en la IED la Fuente. | T31: Modalidad Técnica implementada | U31: 0 | V31: 1 | W31: 1 | X31: 0 | Y31: =+X31*1.0244 -> 0 | AA31: =+Y31*1.04 -> 0 | AC31: 500000 | BP31: =SUM(AC31:BO31) -> 500000 | BQ31: =+AA31-BP31 -> -500000 | BR31: =+IF(AA31>=BP31,"CORRECTO","INCORRECTO") -> INCORRECTO | BS31: GERENCIA DE EDUCACION | BT31: GERENTE DE EDUCACION
A32: 01 | B32: SOCIO CULTURAL | D32: 0101 | E32: Camino para la construcción de un ciudadano participativo, productivo y competitivo | H32: 010103 | I32: Apoyo al sistema educativo para una formación integral (con innovación e investigación científica) | J32: 010103-MR2 | K32: Beneficiar a 6700 estudiantes con la aplicación de herramientas innovadoras y de tecnología de las 3 instituciones educativas. | N32: ND | P32: 01010302 | Q32: Innovación y tecnología; herramientas para el desarrollo. | R32: 01010302-MP4 | S32: Dotar a las 3 instituciones educativas con los materiales y equipos técnicos y tecnológicos para los procesos de formación. | T32: Instituciones educativas dotadas con materiales y equipos técnicos y tecnológicos | U32: ND | V32: 3 | W32: 3 | X32: 480000000 | Y32: =+X32*1.0244 -> 491712000 | AA32: =+Y32*1.04 -> 511380480 | AC32: 500000 | BP32: =SUM(AC32:BO32) -> 500000 | BQ32: =+AA32-BP32 -> 510880480 | BR32: =+IF(AA32>=BP32,"CORRECTO","INCORRECTO") -> CORRECTO | BS32: GERENCIA DE EDUCACION | BT32: GERENTE DE EDUCACION
A33: 01 | B33: SOCIO CULTURAL | D33: 0101 | E33: Camino para la construcción de un ciudadano participativo, productivo y competitivo | H33: 010103 | I33: Apoyo al sistema educativo para una formación integral (con innovación e investigación científica) | J33: 010103-MR2 | K33: Beneficiar a 6700 estudiantes con la aplicación de herramientas innovadoras y de tecnología de las 3 instituciones educativas. | N33: ND | P33: 01010302 | Q33: Innovación y tecnología; herramientas para el desarrollo. | R33: 01010302-MP5 | S33: Mejorar los laboratorios de física, química y biología de las 3 instituciones educativas. | T33: Número de IED con laboratorios de Física, Química y Biología mejorados | U33: 3 | V33: 3 | W33: 3 | X33: 800000000 | Y33: =+X33*1.0244 -> 819520000 | AA33: =+Y33*1.04 -> 852300800 | AC33: 500000 | BP33: =SUM(AC33:BO33) -> 500000 | BQ33: =+AA33-BP33 -> 851800800 | BR33: =+IF(AA33>=BP33,"CORRECTO","INCORRECTO") -> CORRECTO | BS33: GERENCIA DE EDUCACION | BT33: GERENTE DE EDUCACION
A34: 01 | B34: SOCIO CULTURAL | D34: 0101 | E34: Camino para la construcción de un ciudadano participativo, productivo y competitivo | H34: 010103 | I34: Apoyo al sistema educativo para una formación integral (con innovación e investigación científica) | J34: 010103-MR3 | K34: Beneficiar a 6700 estudiantes a través de estrategias de formación integral. | L34: =+(SUM(X34:X38))/$Z$196 -> 0.0020907282 | N34: 6700 | O34: 6700 | P34: 01010303 | Q34: Por la formación integral. | R34: 01010303-MP1 | S34: Brindar en las 3 instituciones educativas, escenarios de aprendizaje del aprender, haciendo salidas pedagógicas. | T34: Instituciones educativas con escenarios de Aprender-Haciendo | U34: ND | V34: 3 | W34: 2 | X34: 100000000 | Y34: =+X34*1.0244 -> 102440000 | AA34: =+Y34*1.04 -> 106537600 | BP34: =SUM(AC34:BO34) -> 0 | BQ34: =+AA34-BP34 -> 106537600 | BR34: =+IF(AA34>=BP34,"CORRECTO","INCORRECTO") -> CORRECTO | BS34: GERENCIA DE EDUCACION | BT34: GERENTE DE EDUCACION
A35: 01 | B35: SOCIO CULTURAL | D35: 0101 | E35: Camino para la construcción de un ciudadano participativo, productivo y competitivo | H35: 010103 | I35: Apoyo al sistema educativo para una formación integral (con innovación e investigación científica) | J35: 010103-MR3 | K35: Beneficiar a 6700 estudiantes a través de estrategias de formación integral. | N35: 6700 | P35: 01010303 | Q35: Por la formación integral. | R35: 01010303-MP2 | S35: Incorporar en las 3 instituciones educativas los Proyectos Ambientales Escolares (PRAES) en los Proyectos Educativos Institucionales (PEI). | T35: Instituciones educativas con proyectos PRAES | U35: 0 | V35: 3 | W35: 3 | X35: 0 | Y35: =+X35*1.0244 -> 0 | AA35: =+Y35*1.04 -> 0 | AC35: 500000 | BP35: =SUM(AC35:BO35) -> 500000 | BQ35: =+AA35-BP35 -> -500000 | BR35: =+IF(AA35>=BP35,"CORRECTO","INCORRECTO") -> INCORRECTO | BS35: GERENCIA DE EDUCACION | BT35: GERENTE DE EDUCACION
A36: 01 | B36: SOCIO CULTURAL | D36: 0101 | E36: Camino para la construcción de un ciudadano participativo, productivo y competitivo | H36: 010103 | I36: Apoyo al sistema educativo para una formación integral (con innovación e investigación científica) | J36: 010103-MR3 | K36: Beneficiar a 6700 estudiantes a través de estrategias de formación integral. | N36: 6700 | P36: 01010303 | Q36: Por la formación integral. | R36: 01010303-MP3 | S36: Implementar un departamento de sicología y trabajo social al servicio del estudiantado de acuerdo a las competencias. | T36: Departamento de Psicología creado | U36: 0 | V36: 1 | W36: 1 | X36: 136000000 | Y36: =+X36*1.0244 -> 139318400 | AA36: =+Y36*1.04 -> 144891136 | AC36: 74000000 | BP36: =SUM(AC36:BO36) -> 74000000 | BQ36: =+AA36-BP36 -> 70891136 | BR36: =+IF(AA36>=BP36,"CORRECTO","INCORRECTO") -> CORRECTO | BS36: GERENCIA DE EDUCACION | BT36: GERENTE DE EDUCACION
A37: 01 | B37: SOCIO CULTURAL | D37: 0101 | E37: Camino para la construcción de un ciudadano participativo, productivo y competitivo | H37: 010103 | I37: Apoyo al sistema educativo para una formación integral (con innovación e investigación científica) | J37: 010103-MR3 | K37: Beneficiar a 6700 estudiantes a través de estrategias de formación integral. | N37: 6700 | P37: 01010303 | Q37: Por la formación integral. | R37: 01010303-MP4 | S37: Implementar una pedagogía innovativa, para ofrecer una segunda oportunidad de ingreso a las aulas. | T37: Pedagogía innovadora implementada | U37: 0 | V37: 1 | W37: 1 | X37: 0 | Y37: =+X37*1.0244 -> 0 | AA37: =+Y37*1.04 -> 0 | BP37: =SUM(AC37:BO37) -> 0 | BQ37: =+AA37-BP37 -> 0 | BR37: =+IF(AA37>=BP37,"CORRECTO","INCORRECTO") -> CORRECTO | BS37: GERENCIA DE EDUCACION | BT37: GERENTE DE EDUCACION
A38: 01 | B38: SOCIO CULTURAL | D38: 0101 | E38: Camino para la construcción de un ciudadano participativo, productivo y competitivo | H38: 010103 | I38: Apoyo al sistema educativo para una formación integral (con innovación e investigación científica) | J38: 010103-MR3 | K38: Beneficiar a 6700 estudiantes a través de estrategias de formación integral. | N38: 6700 | P38: 01010303 | Q38: Por la formación integral. | R38: 01010303-MP5 | S38: Implementar y mantener el programa educativo integral "Cuido Mi Escuela", orientado al aprendizaje, al mejoramiento y embellecimiento de las instituciones educativas. | T38: Programa educativo "Cuido Mi Escuela" implementado | U38: 0 | V38: 1 | W38: 1 | X38: 15000000 | Y38: =+X38*1.0244 -> 15366000 | AA38: =+Y38*1.04 -> 15980640 | AC38: 1010000000 | BP38: =SUM(AC38:BO38) -> 1010000000 | BQ38: =+AA38-BP38 -> -994019360 | BR38: =+IF(AA38>=BP38,"CORRECTO","INCORRECTO") -> INCORRECTO | BS38: GERENCIA DE EDUCACION | BT38: GERENTE DE EDUCACION
A39: 01 | B39: SOCIO CULTURAL | D39: 0101 | E39: Camino para la construcción de un ciudadano participativo, productivo y competitivo | G39: Educación | H39: 010104 | I39: Segunda lengua. | J39: 010104-MR1 | K39: Atender con enfoque diferencial a 1050 estudiantes y/o personas en la estrategia de mejoramiento de los niveles de inglés. | L39: =+(SUM(X39:X40))/$Z$196 -> 0.00024988783 | N39: 370 | O39: 1050 | P39: 01010401 | Q39: Mejores niveles de inglés. | R39: 01010401-MP1 | S39: Fortalecer el aprendizaje del inglés en tiempo extra escolar a 700 estudiantes, de los niveles de básica secundaria y media. | T39: Número de Estudiantes partícipes del fortalecimiento de inglés | U39: 250 | V39: 700 | W39: 630 | X39: 20000000 | Y39: =+X39*1.0244 -> 20488000 | Z39: =SUM(X39:X40) -> 30000000 | AA39: =+Y39*1.04 -> 21307520 | AB39: =SUM(AA39:AA40) -> 31961280 | AC39: 12000000 | BP39: =SUM(AC39:BO39) -> 12000000 | BQ39: =+AA39-BP39 -> 9307520 | BR39: =+IF(AA39>=BP39,"CORRECTO","INCORRECTO") -> CORRECTO | BS39: GERENCIA DE EDUCACION | BT39: GERENTE DE EDUCACION
A40: 01 | B40: SOCIO CULTURAL | D40: 0101 | E40: Camino para la construcción de un ciudadano participativo, productivo y competitivo | H40: 010104 | I40: Segunda lengua. | J40: 010104-MR1 | K40: Atender con enfoque diferencial a 1050 estudiantes y/o personas en la estrategia de mejoramiento de los niveles de inglés. | N40: 370 | P40: 01010401 | Q40: Mejores niveles de inglés. | R40: 01010401-MP2 | S40: Aumentar a 350 personas de la comunidad, en la formación para mejorar sus niveles de inglés. | T40: Número de personas de la comunidad que participan en el Programa de Mejoramiento del Inglés | U40: 120 | V40: 350 | W40: 279 | X40: 10000000 | Y40: =+X40*1.0244 -> 10244000 | AA40: =+Y40*1.04 -> 10653760 | AC40: 50000000 | BP40: =SUM(AC40:BO40) -> 50000000 | BQ40: =+AA40-BP40 -> -39346240 | BR40: =+IF(AA40>=BP40,"CORRECTO","INCORRECTO") -> INCORRECTO | BS40: GERENCIA DE EDUCACION | BT40: GERENTE DE EDUCACION
A41: 01 | B41: SOCIO CULTURAL | D41: 0101 | E41: Camino para la construcción de un ciudadano participativo, productivo y competitivo | G41: Educación | H41: 010105 | I41: Inclusión social. | J41: 010105-MR1 | K41: Atender con enfoque diferencial a 207 niños(as) en el sistema educativo. | L41: =+(SUM(X41:X42))/$Z$196 -> 0.0010828473 | N41: 207 | O41: 207 | P41: 01010501 | Q41: Avanzando en la inclusión social. | R41: 01010501-MP1 | S41: Atender 100 niños (as) con necesidades educativas especiales en el sistema educativo. | T41: Niños con necesidades educativas especiales atendidos en el sistema educativo | U41: 80 | V41: 100 | W41: 100 | X41: 90000000 | Y41: =+X41*1.0244 -> 92196000 | Z41: =SUM(X41:X42) -> 130000000 | AA41: =+Y41*1.04 -> 95883840 | AB41: =SUM(AA41:AA42) -> 138498880 | AC41: 500000 | BP41: =SUM(AC41:BO41) -> 500000 | BQ41: =+AA41-BP41 -> 95383840 | BR41: =+IF(AA41>=BP41,"CORRECTO","INCORRECTO") -> CORRECTO | BS41: GERENCIA DE EDUCACION | BT41: GERENTE DE EDUCACION
A42: 01 | B42: SOCIO CULTURAL | D42: 0101 | E42: Camino para la construcción de un ciudadano participativo, productivo y competitivo | H42: 010105 | I42: Inclusión social. | J42: 010105-MR1 | K42: Atender con enfoque diferencial a 207 niños(as) en el sistema educativo. | N42: 207 | P42: 01010501 | Q42: Avanzando en la inclusión social. | R42: 01010501-MP2 | S42: Atender al 100% de los niños(as) en situación de desplazamiento en el sistema educativo. | T42: Porcentaje de niños en situación de desplazamiento atendidos por el Sistema Educativo | U42: 127 | V42: 100 | W42: 100 | X42: 40000000 | Y42: =+X42*1.0244 -> 40976000 | AA42: =+Y42*1.04 -> 42615040 | AB42: =SUM(AA7:AA42) -> 8.9334079e+09 | AC42: 500000 | BP42: =SUM(AC42:BO42) -> 500000 | BQ42: =+AA42-BP42 -> 42115040 | BR42: =+IF(AA42>=BP42,"CORRECTO","INCORRECTO") -> CORRECTO | BS42: GERENCIA DE EDUCACION | BT42: GERENTE DE EDUCACION
A43: 01 | B43: SOCIO CULTURAL | D43: 0102 | E43: Bienestar y Calidad de Vida a través de servicios de salud eficientes y oportuno | F43: =+(Z43+Z48+Z53)/$Z$196 -> 0.030547609 | G43: Salud | H43: 010201 | I43: Aseguramiento. | J43: 010201-MR1 | K43: Garantizar el 100% en cobertura régimen subsidiado según normatividad vigente. | L43: =+(SUM(X43:X46))/$Z$196 -> 0.022317942 | N43: 100 | O43: 100 | P43: 01020101 | Q43: Promoción del Aseguramiento. | R43: 01020101-MP1 | S43: Desarrollar un programa anual de auditoría de seguimiento al régimen subsidiado. | T43: Programa de Auditoria desarrollado | U43: 1 | V43: 4 | W43: 3 | X43: 31679394 | Y43: =+X43*1.0244 -> 32452371 | Z43: =SUM(X43:X47) -> 2.6793838e+09 | AA43: =+Y43*1.04 -> 33750466 | AB43: =SUM(AA43:AA47) -> 2.8545512e+09 | AC43: 25000000 | BP43: =SUM(AC43:BO43) -> 25000000 | BQ43: =+AA43-BP43 -> 8750465.8 | BR43: =+IF(AA43>=BP43,"CORRECTO","INCORRECTO") -> CORRECTO | BS43: GERENCIA DE SALUD | BT43: GERENTE DE SALUD
A44: 01 | B44: SOCIO CULTURAL | D44: 0102 | E44: Bienestar y Calidad de Vida a través de servicios de salud eficientes y oportuno | H44: 010201 | I44: Aseguramiento. | J44: 010201-MR1 | K44: Garantizar el 100% en cobertura régimen subsidiado según normatividad vigente. | N44: 4444 | P44: 01020101 | Q44: Promoción del Aseguramiento. | R44: 01020101-MP2 | S44: Administrar y coordinar anualmente el aseguramiento del régimen subsidiado. | T44: Administración y Coordinacion del regimen subsidiado realizada | U44: 1 | V44: 4 | W44: 3 | X44: 2.6475508e+09 | Y44: =+X44*1.0244 -> 2.7121511e+09 | AA44: =+Y44*1.04 -> 2.8206371e+09 | AW44: 592582137 | AY44: 42382703 | AZ44: 849622614 | BA44: 450323371 | BB44: 382110888 | BG44: 10991042 | BI44: 4628895 | BP44: =SUM(AC44:BO44) -> 2332641650 | BQ44: =+AA44-BP44 -> 4.8799544e+08 | BR44: =+IF(AA44>=BP44,"CORRECTO","INCORRECTO") -> CORRECTO | BS44: GERENCIA DE SALUD | BT44: GERENTE DE SALUD
A45: 01 | B45: SOCIO CULTURAL | D45: 0102 | E45: Bienestar y Calidad de Vida a través de servicios de salud eficientes y oportuno | H45: 010201 | I45: Aseguramiento. | J45: 010201-MR1 | K45: Garantizar el 100% en cobertura régimen subsidiado según normatividad vigente. | N45: 4444 | P45: 01020101 | Q45: Promoción del Aseguramiento. | R45: 01020101-MP3 | S45: Realizar una depuración anual de base de datos para identificar población pobre no afiliada. | T45: Depuracion de Base de Datos de Regimen Subsidiado realizada | U45: 1 | V45: 4 | W45: 3 | X45: 100000 | Y45: =+X45*1.0244 -> 102440 | AA45: =+Y45*1.04 -> 106537.6 | AC45: 5000000 | BP45: =SUM(AC45:BO45) -> 5000000 | BQ45: =+AA45-BP45 -> -4893462.4 | BR45: =+IF(AA45>=BP45,"CORRECTO","INCORRECTO") -> INCORRECTO | BS45: GERENCIA DE SALUD | BT45: GERENTE DE SALUD
A46: 01 | B46: SOCIO CULTURAL | D46: 0102 | E46: Bienestar y Calidad de Vida a través de servicios de salud eficientes y oportuno | H46: 010201 | I46: Aseguramiento. | J46: 010201-MR1 | K46: Garantizar el 100% en cobertura régimen subsidiado según normatividad vigente. | N46: 4444 | P46: 01020101 | Q46: Promoción del Aseguramiento. | R46: 01020101-MP4 | S46: Realizar 6 campañas anuales de divulgación dirigida a población pobre no afiliada, para que se vinculen al régimen subsidiado. | T46: Campañas de Divulgacion realizadas | U46: 1 | V46: 24 | W46: 18 | X46: 25000 | Y46: =+X46*1.0244 -> 25610 | AA46: =+Y46*1.04 -> 26634.4 | BP46: =SUM(AC46:BO46) -> 0 | BQ46: =+AA46-BP46 -> 26634.4 | BR46: =+IF(AA46>=BP46,"CORRECTO","INCORRECTO") -> CORRECTO | BS46: GERENCIA DE SALUD | BT46: GERENTE DE SALUD
A47: 01 | B47: SOCIO CULTURAL | D47: 0102 | E47: Bienestar y Calidad de Vida a través de servicios de salud eficientes y oportuno | H47: 010201 | I47: Aseguramiento. | J47: 010201-MR2 | K47: Aumentar en el 10%, la afiliación en el régimen contributivo. | L47: =+(SUM(X47:X47))/$Z$196 -> 2.3798841e-07 | N47: 26336 | P47: 01020101 | Q47: Promoción del Aseguramiento. | R47: 01020101-MP5 | S47: Realizar 7 jornadas en el cuatrienio de promoción de afiliación, al régimen contributivo con la participación de las EPS, EFP y ARP. | T47: Jornadas de Promocion de Afiliacion realizadas | U47: 0 | V47: 7 | W47: 5 | X47: 28571.429 | Y47: =+X47*1.0244 -> 29268.571 | AA47: =+Y47*1.04 -> 30439.314 | BP47: =SUM(AC47:BO47) -> 0 | BQ47: =+AA47-BP47 -> 30439.314 | BR47: =+IF(AA47>=BP47,"CORRECTO","INCORRECTO") -> CORRECTO | BS47: GERENCIA DE SALUD | BT47: GERENTE DE SALUD
A48: 01 | B48: SOCIO CULTURAL | D48: 0102 | E48: Bienestar y Calidad de Vida a través de servicios de salud eficientes y oportuno | G48: Salud | H48: 010202 | I48: Atención Integral con corresponsabilidad en el desarrollo de servicios de salud. | J48: 010202-MR1 | K48: Mejorar las condiciones de atención de servicios de salud a un 50% de la población. | L48: =+(SUM(X48:X52))/$Z$196 -> 0.0036122474 | N48: 26031 | O48: 13016 | P48: 01020201 | Q48: Tocancipá saludable. | R48: 01020201-MP1 | S48: Realizar 19 brigadas de salud durante el cuatrenio, dirigidas a población vulnerable. | T48: Brigadas de Salud realizadas | U48: 0 | V48: 19 | W48: 14 | X48: 2.1852844e+08 | Y48: =+X48*1.0244 -> 2.2386053e+08 | Z48: =SUM(X48:X52) -> 4.3366427e+08 | AA48: =+Y48*1.04 -> 2.3281495e+08 | AB48: =SUM(AA48:AA52) -> 4.620155e+08 | AC48: 53000000 | BP48: =SUM(AC48:BO48) -> 53000000 | BQ48: =+AA48-BP48 -> 1.7981495e+08 | BR48: =+IF(AA48>=BP48,"CORRECTO","INCORRECTO") -> CORRECTO | BS48: GERENCIA DE SALUD | BT48: GERENTE DE SALUD
A49: 01 | B49: SOCIO CULTURAL | D49: 0102 | E49: Bienestar y Calidad de Vida a través de servicios de salud eficientes y oportuno | H49: 010202 | I49: Atención Integral con corresponsabilidad en el desarrollo de servicios de salud. | J49: 010202-MR1 | K49: Mejorar las condiciones de atención de servicios de salud a un 50% de la población. | N49: 26031 | P49: 01020201 | Q49: Tocancipá saludable. | R49: 01020201-MP2 | S49: Atender a la población vulnerable en condiciones de abandono, diagnóstico siquiátrico y demás necesidades especiales, mediante alianzas estratégicas publicoprivadas. | T49: Número de convenios para atención a población vulnerable ejecutados | U49: 1 | V49: 8 | W49: 6 | X49: 1.9188333e+08 | Y49: =+X49*1.0244 -> 1.9656528e+08 | AA49: =+Y49*1.04 -> 2.0442789e+08 | AC49: 211000000 | BP49: =SUM(AC49:BO49) -> 211000000 | BQ49: =+AA49-BP49 -> -6572105.4 | BR49: =+IF(AA49>=BP49,"CORRECTO","INCORRECTO") -> INCORRECTO | BS49: GERENCIA DE SALUD | BT49: GERENTE DE SALUD
A50: 01 | B50: SOCIO CULTURAL | D50: 0102 | E50: Bienestar y Calidad de Vida a través de servicios de salud eficientes y oportuno | H50: 010202 | I50: Atención Integral con corresponsabilidad en el desarrollo de servicios de salud. | J50: 010202-MR1 | K50: Mejorar las condiciones de atención de servicios de salud a un 50% de la población. | N50: 26031 | P50: 01020201 | Q50: Tocancipá saludable. | R50: 01020201-MP3 | S50: Gestionar el funcionamiento del Hospital Primer Nivel de atención, con posibilidad de aumentar nivel de complejidad según viabilidad y habilitación del mismo. | T50: Funcionamiento de Hospital gestionado | U50: 0 | V50: 1 | W50: 1 | X50: 0 | Y50: =+X50*1.0244 -> 0 | AA50: =+Y50*1.04 -> 0 | BP50: =SUM(AC50:BO50) -> 0 | BQ50: =+AA50-BP50 -> 0 | BR50: =+IF(AA50>=BP50,"CORRECTO","INCORRECTO") -> CORRECTO | BS50: GERENCIA DE SALUD | BT50: GERENTE DE SALUD
A51: 01 | B51: SOCIO CULTURAL | D51: 0102 | E51: Bienestar y Calidad de Vida a través de servicios de salud eficientes y oportuno | H51: 010202 | I51: Atención Integral con corresponsabilidad en el desarrollo de servicios de salud. | J51: 010202-MR1 | K51: Mejorar las condiciones de atención de servicios de salud a un 50% de la población. | N51: 26031 | P51: 01020201 | Q51: Tocancipá saludable. | R51: 01020201-MP4 | S51: Realizar 16 jornadas de donación de sangre en el cuatrenio. | T51: Jornada Donacion de Sangre realizadas | U51: 9 | V51: 16 | W51: 12 | X51: 100000 | Y51: =+X51*1.0244 -> 102440 | AA51: =+Y51*1.04 -> 106537.6 | BP51: =SUM(AC51:BO51) -> 0 | BQ51: =+AA51-BP51 -> 106537.6 | BR51: =+IF(AA51>=BP51,"CORRECTO","INCORRECTO") -> CORRECTO | BS51: GERENCIA DE SALUD | BT51: GERENTE DE SALUD
A52: 01 | B52: SOCIO CULTURAL | D52: 0102 | E52: Bienestar y Calidad de Vida a través de servicios de salud eficientes y oportuno | H52: 010202 | I52: Atención Integral con corresponsabilidad en el desarrollo de servicios de salud. | J52: 010202-MR1 | K52: Mejorar las condiciones de atención de servicios de salud a un 50% de la población. | N52: 26031 | P52: 01020201 | Q52: Tocancipá saludable. | R52: 01020201-MP5 | S52: Brindar orientación a los usuarios de la salud, para mejorar atención en los servicios. | T52: Sistema de Atencion al Usuario creado e implementado | U52: 0 | V52: 1 | W52: 1 | X52: 23152500 | Y52: =+X52*1.0244 -> 23717421 | AA52: =+Y52*1.04 -> 24666118 | AC52: 20000000 | BP52: =SUM(AC52:BO52) -> 20000000 | BQ52: =+AA52-BP52 -> 4666117.8 | BR52: =+IF(AA52>=BP52,"CORRECTO","INCORRECTO") -> CORRECTO | BS52: GERENCIA DE SALUD | BT52: GERENTE DE SALUD
A53: 01 | B53: SOCIO CULTURAL | D53: 0102 | E53: Bienestar y Calidad de Vida a través de servicios de salud eficientes y oportuno | G53: Salud | H53: 010203 | I53: Salud pública y promoción social. | J53: 010203-MR1 | K53: Disminuir en un 50% de la población, los riesgos que afecten su estado de salud. | L53: =+(SUM(X53:X55))/$Z$196 -> 0.0035514066 | N53: 26031 | O53: 13016 | P53: 01020301 | Q53: Salud pública con promoción y prevención. | R53: 01020301-MP1 | S53: Puesta en marcha de cada una de las prioridades del Plan de Intervenciones Colectivas (PIC), mediante los Planes Operativos Anuales en Salud (POAS) aprobado por la secretaría de salud de Cundinamarca. | T53: Plan de Intervenciones Colectivas ejecutado | U53: 1 | V53: 1 | W53: 1 | X53: 4.0268909e+08 | Y53: =+X53*1.0244 -> 4.125147e+08 | Z53: =SUM(X53:X60) -> 5.5431046e+08 | AA53: =+Y53*1.04 -> 4.2901529e+08 | AB53: =SUM(AA53:AA60) -> 5.9054906e+08 | AC53: 480000000 | AX53: 131546231 | BH53: 300000 | BP53: =SUM(AC53:BO53) -> 611846231 | BQ53: =+AA53-BP53 -> -1.8283094e+08 | BR53: =+IF(AA53>=BP53,"CORRECTO","INCORRECTO") -> INCORRECTO | BS53: GERENCIA DE SALUD | BT53: GERENTE DE SALUD
A54: 01 | B54: SOCIO CULTURAL | D54: 0102 | E54: Bienestar y Calidad de Vida a través de servicios de salud eficientes y oportuno | H54: 010203 | I54: Salud pública y promoción social. | J54: 010203-MR1 | K54: Disminuir en un 50% de la población, los riesgos que afecten su estado de salud. | N54: 26031 | P54: 01020301 | Q54: Salud pública con promoción y prevención. | R54: 01020301-MP2 | S54: Garantizar coberturas útiles de vacunación al 100% de los menores de 5 años (3150 niños). | T54: Número de menores de 5 años vacunados a través del PAI | U54: 236 | V54: 3150 | W54: 2362 | X54: 23671000 | Y54: =+X54*1.0244 -> 24248572 | AA54: =+Y54*1.04 -> 25218515 | AC54: =37351049.04-0.0764608383178711 -> 37351049 | BP54: =SUM(AC54:BO54) -> 37351049 | BQ54: =+AA54-BP54 -> -12132534 | BR54: =+IF(AA54>=BP54,"CORRECTO","INCORRECTO") -> INCORRECTO | BS54: GERENCIA DE SALUD | BT54: GERENTE DE SALUD
A55: 01 | B55: SOCIO CULTURAL | D55: 0102 | E55: Bienestar y Calidad de Vida a través de servicios de salud eficientes y oportuno | H55: 010203 | I55: Salud pública y promoción social. | J55: 010203-MR1 | K55: Disminuir en un 50% de la población, los riesgos que afecten su estado de salud. | N55: 26031 | P55: 01020301 | Q55: Salud pública con promoción y prevención. | R55: 01020301-MP3 | S55: Diseñar, aprobar y ejecutar el plan territorial de salud. | T55: Plan Territorial de Salud Implementado | U55: 1 | V55: 1 | W55: 1 | X55: 0 | Y55: =+X55*1.0244 -> 0 | AA55: =+Y55*1.04 -> 0 | AC55: 12000000 | BP55: =SUM(AC55:BO55) -> 12000000 | BQ55: =+AA55-BP55 -> -12000000 | BR55: =+IF(AA55>=BP55,"CORRECTO","INCORRECTO") -> INCORRECTO | BS55: GERENCIA DE SALUD | BT55: GERENTE DE SALUD
A56: 01 | B56: SOCIO CULTURAL | D56: 0102 | E56: Bienestar y Calidad de Vida a través de servicios de salud eficientes y oportuno | H56: 010203 | I56: Salud pública y promoción social. | J56: 010203-MR2 | K56: Prevenir riesgos biológicos, ambientales, sociales y sanitarios. | L56: =+(SUM(X56:X60))/$Z$196 -> 0.0010657747 | N56: ND | O56: 11 | P56: 01020302 | Q56: Salud pública con inspección, vigilancia y control. | R56: 01020302-MP1 | S56: Realizar un programa de control de plagas en los sectores más vulnerables del municipio. | T56: Programa de control de plagas implementado | U56: 1 | V56: 1 | W56: 1 | X56: 10000000 | Y56: =+X56*1.0244 -> 10244000 | AA56: =+Y56*1.04 -> 10653760 | AC56: 20000000 | BP56: =SUM(AC56:BO56) -> 20000000 | BQ56: =+AA56-BP56 -> -9346240 | BR56: =+IF(AA56>=BP56,"CORRECTO","INCORRECTO") -> INCORRECTO | BS56: GERENCIA DE SALUD | BT56: GERENTE DE SALUD
A57: 01 | B57: SOCIO CULTURAL | D57: 0102 | E57: Bienestar y Calidad de Vida a través de servicios de salud eficientes y oportuno | H57: 010203 | I57: Salud pública y promoción social. | J57: 010203-MR2 | K57: Prevenir riesgos biológicos, ambientales, sociales y sanitarios. | N57: ND | P57: 01020302 | Q57: Salud pública con inspección, vigilancia y control. | R57: 01020302-MP2 | S57: Realizar el monitoreo de calidad del agua y alimentos, suministrados en los programas sociales ejecutados por el municipio durante el cuatrienio. | T57: Monitoreos de calidad de agua realizados | U57: 0 | V57: 259 | W57: 182 | X57: 11532497 | Y57: =+X57*1.0244 -> 11813890 | AA57: =+Y57*1.04 -> 12286445 | AC57: 25000000 | BP57: =SUM(AC57:BO57) -> 25000000 | BQ57: =+AA57-BP57 -> -12713555 | BR57: =+IF(AA57>=BP57,"CORRECTO","INCORRECTO") -> INCORRECTO | BS57: GERENCIA DE SALUD | BT57: GERENTE DE SALUD
A58: 01 | B58: SOCIO CULTURAL | D58: 0102 | E58: Bienestar y Calidad de Vida a través de servicios de salud eficientes y oportuno | H58: 010203 | I58: Salud pública y promoción social. | J58: 010203-MR2 | K58: Prevenir riesgos biológicos, ambientales, sociales y sanitarios. | N58: ND | P58: 01020302 | Q58: Salud pública con inspección, vigilancia y control. | R58: 01020302-MP3 | S58: Realizar 2000 procedimientos quirúrgicos de esterilización a caninos y felinos. | T58: Procedimientos quirurgicos a especies caninas y felinas realizados | U58: 948 | V58: 2000 | W58: 1516 | X58: 31417878 | Y58: =+X58*1.0244 -> 32184475 | AA58: =+Y58*1.04 -> 33471854 | AC58: 35000000 | BP58: =SUM(AC58:BO58) -> 35000000 | BQ58: =+AA58-BP58 -> -1528146.4 | BR58: =+IF(AA58>=BP58,"CORRECTO","INCORRECTO") -> INCORRECTO | BS58: GERENCIA DE SALUD | BT58: GERENTE DE SALUD
A59: 01 | B59: SOCIO CULTURAL | D59: 0102 | E59: Bienestar y Calidad de Vida a través de servicios de salud eficientes y oportuno | H59: 010203 | I59: Salud pública y promoción social. | J59: 010203-MR2 | K59: Prevenir riesgos biológicos, ambientales, sociales y sanitarios. | N59: ND | P59: 01020302 | Q59: Salud pública con inspección, vigilancia y control. | R59: 01020302-MP4 | S59: Realizar un programa, que permita brindar atención a especies caninas y felinas que se encuentren desprotegidas en el municipio. | T59: Programa de protección a especies caninas y felinas implementado | U59: 0 | V59: 1 | W59: 1 | X59: 60000000 | Y59: =+X59*1.0244 -> 61464000 | AA59: =+Y59*1.04 -> 63922560 | AC59: 35000000 | BP59: =SUM(AC59:BO59) -> 35000000 | BQ59: =+AA59-BP59 -> 28922560 | BR59: =+IF(AA59>=BP59,"CORRECTO","INCORRECTO") -> CORRECTO | BS59: GERENCIA DE SALUD | BT59: GERENTE DE SALUD
A60: 01 | B60: SOCIO CULTURAL | D60: 0102 | E60: Bienestar y Calidad de Vida a través de servicios de salud eficientes y oportuno | H60: 010203 | I60: Salud pública y promoción social. | J60: 010203-MR2 | K60: Prevenir riesgos biológicos, ambientales, sociales y sanitarios. | N60: ND | P60: 01020302 | Q60: Salud pública con inspección, vigilancia y control. | R60: 01020302-MP5 | S60: Puesta en marcha del coso municipal. | T60: Coso Municipal dotado y operando | U60: 0 | V60: 1 | W60: 0.75 | X60: 15000000 | Y60: =+X60*1.0244 -> 15366000 | AA60: =+Y60*1.04 -> 15980640 | AB60: =SUM(AA43:AA60) -> 3.9071157e+09 | BP60: =SUM(AC60:BO60) -> 0 | BQ60: =+AA60-BP60 -> 15980640 | BR60: =+IF(AA60>=BP60,"CORRECTO","INCORRECTO") -> CORRECTO | BS60: GERENCIA DE SALUD | BT60: GERENTE DE SALUD
A61: 01 | B61: SOCIO CULTURAL | D61: 0103 | E61: Tocancipá Segura | F61: =+(Z61+Z70+Z73)/$Z$196 -> 0.0070801552 | G61: Seguridad y convivencia | H61: 010301 | I61: Seguridad y Cultura Ciudadana | J61: 010301-MR1 | K61: Reducir en un 80% la tasa de homicidios en el municipio. | L61: =+(SUM(X61:X64))/$Z$196 -> 0.0014493494 | N61: 7 | O61: 1 | P61: 01030101 | Q61: Por la reducción de la criminalidad | R61: 01030101-MP1 | S61: Realizar un diagnóstico para determinar las causas de inseguridad en el municipio. | T61: Diagnóstico realizado con las causas de inseguridad en el Municipio. | U61: 0 | V61: 1 | W61: 1 | X61: 0 | Y61: =+X61*1.0244 -> 0 | Z61: =SUM(X61:X69) -> 750000000 | AA61: =+Y61*1.04 -> 0 | AB61: =SUM(AA61:AA69) -> 799032000 | AK61: 100000000 | BP61: =SUM(AC61:BO61) -> 100000000 | BQ61: =+AA61-BP61 -> -100000000 | BR61: =+IF(AA61>=BP61,"CORRECTO","INCORRECTO") -> INCORRECTO | BS61: GERENCIA DE GOBIERNO | BT61: GERENTE DE GOBIERNO
A62: 01 | B62: SOCIO CULTURAL | D62: 0103 | E62: Tocancipá Segura | H62: 010301 | I62: Seguridad y Cultura Ciudadana | J62: 010301-MR1 | K62: Reducir en un 80% la tasa de homicidios en el municipio. | N62: 7 | P62: 01030101 | Q62: Por la reducción de la criminalidad | R62: 01030101-MP2 | S62: Implementar la política pública de seguridad y convivencia ciudadana - incluye vigilancia por cuadrantes-. | T62: Política pública de seguridad y convivencia ciudadana implementada en el Municipio de Tocancipá. | U62: 0 | V62: 1 | W62: 0.73 | X62: 82000000 | Y62: =+X62*1.0244 -> 84000800 | AA62: =+Y62*1.04 -> 87360832 | AK62: 100000000 | BP62: =SUM(AC62:BO62) -> 100000000 | BQ62: =+AA62-BP62 -> -12639168 | BR62: =+IF(AA62>=BP62,"CORRECTO","INCORRECTO") -> INCORRECTO | BS62: GERENCIA DE GOBIERNO | BT62: GERENTE DE GOBIERNO
A63: 01 | B63: SOCIO CULTURAL | D63: 0103 | E63: Tocancipá Segura | H63: 010301 | I63: Seguridad y Cultura Ciudadana | J63: 010301-MR1 | K63: Reducir en un 80% la tasa de homicidios en el municipio. | N63: 7 | P63: 01030101 | Q63: Por la reducción de la criminalidad | R63: 01030101-MP3 | S63: Gestionar la dotación de 14 nuevos vehículos a la policía municipal. | T63: Vehículos gestionados para la Policía Nacional | U63: 7 | V63: 14 | W63: 21 | X63: 72000000 | Y63: =+X63*1.0244 -> 73756800 | AA63: =+Y63*1.04 -> 76707072 | AK63: 100000000 | BP63: =SUM(AC63:BO63) -> 100000000 | BQ63: =+AA63-BP63 -> -23292928 | BR63: =+IF(AA63>=BP63,"CORRECTO","INCORRECTO") -> INCORRECTO | BS63: GERENCIA DE GOBIERNO | BT63: GERENTE DE GOBIERNO
A64: 01 | B64: SOCIO CULTURAL | D64: 0103 | E64: Tocancipá Segura | H64: 010301 | I64: Seguridad y Cultura Ciudadana | J64: 010301-MR1 | K64: Reducir en un 80% la tasa de homicidios en el municipio. | N64: 7 | P64: 01030101 | Q64: Por la reducción de la criminalidad | R64: 01030101-MP4 | S64: Reponer el 50% de las cámaras de seguridad | T64: Cámaras de seguridad repuestas en el Municipio de Tocancipá | U64: 46 | V64: 69 | W64: 69 | X64: 20000000 | Y64: =+X64*1.0244 -> 20488000 | AA64: =+Y64*1.04 -> 21307520 | AK64: 210733000 | BP64: =SUM(AC64:BO64) -> 210733000 | BQ64: =+AA64-BP64 -> -189425480 | BR64: =+IF(AA64>=BP64,"CORRECTO","INCORRECTO") -> INCORRECTO | BS64: GERENCIA DE GOBIERNO | BT64: GERENTE DE GOBIERNO
A65: 01 | B65: SOCIO CULTURAL | D65: 0103 | E65: Tocancipá Segura | H65: 010301 | I65: Seguridad y Cultura Ciudadana | J65: 010301-MR2 | K65: Reducir en un 80% la tasa de hurto en el municipio. | L65: =+(SUM(X65:X66))/$Z$196 -> 0.00074966349 | N65: 162 | O65: 32 | P65: 01030101 | Q65: Por la reducción de la criminalidad | R65: 01030101-MP5 | S65: Gestionar la ampliación del pie de fuerza en un 40% que permita mejorar la relación policía/habitante a 1038 (LB: 1454). | T65: Ampliación de pie de fuerza gestionada con la Policia Nacional | U65: 20 | V65: 28 | W65: 27 | X65: 70000000 | Y65: =+X65*1.0244 -> 71708000 | AA65: =+Y65*1.04 -> 74576320 | AK65: 200000000 | BP65: =SUM(AC65:BO65) -> 200000000 | BQ65: =+AA65-BP65 -> -125423680 | BR65: =+IF(AA65>=BP65,"CORRECTO","INCORRECTO") -> INCORRECTO | BS65: GERENCIA DE GOBIERNO | BT65: GERENTE DE GOBIERNO
A66: 01 | B66: SOCIO CULTURAL | D66: 0103 | E66: Tocancipá Segura | H66: 010301 | I66: Seguridad y Cultura Ciudadana | J66: 010301-MR2 | K66: Reducir en un 80% la tasa de hurto en el municipio. | N66: 162 | P66: 01030101 | Q66: Por la reducción de la criminalidad | R66: 01030101-MP6 | S66: Adquirir 20 nuevos equipos de comunicación. | T66: Equipos de comunicación adquiridos en el Municipio de Tocancipá. | U66: 9 | V66: 29 | W66: 24 | X66: 20000000 | Y66: =+X66*1.0244 -> 20488000 | AA66: =+Y66*1.04 -> 21307520 | AK66: 150000000 | BP66: =SUM(AC66:BO66) -> 150000000 | BQ66: =+AA66-BP66 -> -128692480 | BR66: =+IF(AA66>=BP66,"CORRECTO","INCORRECTO") -> INCORRECTO | BS66: GERENCIA DE GOBIERNO | BT66: GERENTE DE GOBIERNO
A67: 01 | B67: SOCIO CULTURAL | D67: 0103 | E67: Tocancipá Segura | H67: 010301 | I67: Seguridad y Cultura Ciudadana | J67: 010301-MR3 | K67: Reducir en un 80% la tasa de lesiones personales en el municipio | L67: =+(SUM(X67:X68))/$Z$196 -> 0.0038815909 | N67: 170 | O67: 34 | P67: 01030101 | Q67: Por la reducción de la criminalidad | R67: 01030101-MP7 | S67: Fortalecer el funcionamiento operativo de la red de apoyo municipal | T67: Funcionamiento operativo de la red de apoyo fortalecido. | U67: 1 | V67: 1 | W67: 1 | X67: 276000000 | Y67: =+X67*1.0244 -> 282734400 | AA67: =+Y67*1.04 -> 294043776 | AK67: 750000000 | BP67: =SUM(AC67:BO67) -> 750000000 | BQ67: =+AA67-BP67 -> -455956224 | BR67: =+IF(AA67>=BP67,"CORRECTO","INCORRECTO") -> INCORRECTO | BS67: GERENCIA DE GOBIERNO | BT67: GERENTE DE GOBIERNO
A68: 01 | B68: SOCIO CULTURAL | D68: 0103 | E68: Tocancipá Segura | H68: 010301 | I68: Seguridad y Cultura Ciudadana | J68: 010301-MR3 | K68: Reducir en un 80% la tasa de lesiones personales en el municipio | N68: 170 | P68: 01030101 | Q68: Por la reducción de la criminalidad | R68: 01030101-MP8 | S68: Adquirir 3 Centros de Atención Inmediata (CAI's) móviles. | T68: Centro de atención inmediata adquiridos para el Municipio. | U68: 0 | V68: 3 | W68: 3 | X68: 190000000 | Y68: =+X68*1.0244 -> 194636000 | AA68: =+Y68*1.04 -> 202421440 | AK68: 100000000 | BP68: =SUM(AC68:BO68) -> 100000000 | BQ68: =+AA68-BP68 -> 102421440 | BR68: =+IF(AA68>=BP68,"CORRECTO","INCORRECTO") -> CORRECTO | BS68: GERENCIA DE GOBIERNO | BT68: GERENTE DE GOBIERNO
A69: 01 | B69: SOCIO CULTURAL | D69: 0103 | E69: Tocancipá Segura | H69: 010301 | I69: Seguridad y Cultura Ciudadana | J69: 010301-MR4 | K69: Vincular a 4000 personas a la estrategia de cultura ciudadana | L69: =+(SUM(X69:X69))/$Z$196 -> 0.00016659189 | N69: 0 | O69: 4000 | P69: 01030102 | Q69: Apuesta por la cultura ciudadana | R69: 01030102-MP1 | S69: Generar una estrategia integral de cultura ciudadana anual | T69: Estrategia de cultura ciudadana generada | U69: 0 | V69: 4 | W69: 1 | X69: 20000000 | Y69: =+X69*1.0244 -> 20488000 | AA69: =+Y69*1.04 -> 21307520 | AC69: 20090000 | BP69: =SUM(AC69:BO69) -> 20090000 | BQ69: =+AA69-BP69 -> 1217520 | BR69: =+IF(AA69>=BP69,"CORRECTO","INCORRECTO") -> CORRECTO | BS69: GERENCIA DE GOBIERNO | BT69: GERENTE DE GOBIERNO
A70: 01 | B70: SOCIO CULTURAL | D70: 0103 | E70: Tocancipá Segura | G70: Seguridad y convivencia | H70: 010302 | I70: Infancia y Adolescencia base de la sociedad | J70: 010302-MR1 | K70: Reducir en un 80% los índices de maltrato infantil, violencia intrafamiliar e inasistencia alimentaria en el municipio de Tocancipá | L70: =+(SUM(X70:X72))/$Z$196 -> 0.00041647972 | N70: 169 | O70: 34 | P70: 01030201 | Q70: Infancia y la adolescencia protegida integralmente | R70: 01030201-MP1 | S70: Realizar una estrategia por año para la prevención del maltrato infantil, violencia intrafamiliar e inasistencia alimentaria. | T70: Estrategia para la prevención del maltrato infantil, violencia intrafamiliar e inasistencia alimentaria realizada | U70: 0 | V70: 4 | W70: 3 | X70: 50000000 | Y70: =+X70*1.0244 -> 51220000 | Z70: =SUM(X70:X72) -> 50000000 | AA70: =+Y70*1.04 -> 53268800 | AB70: =SUM(AA70:AA72) -> 53268800 | AC70: 155000000 | BP70: =SUM(AC70:BO70) -> 155000000 | BQ70: =+AA70-BP70 -> -101731200 | BR70: =+IF(AA70>=BP70,"CORRECTO","INCORRECTO") -> INCORRECTO | BS70: GERENCIA DE GOBIERNO | BT70: GERENTE DE GOBIERNO
A71: 01 | B71: SOCIO CULTURAL | D71: 0103 | E71: Tocancipá Segura | H71: 010302 | I71: Infancia y Adolescencia base de la sociedad | J71: 010302-MR1 | K71: Reducir en un 80% los índices de maltrato infantil, violencia intrafamiliar e inasistencia alimentaria en el municipio de Tocancipá | N71: 169 | P71: 01030201 | Q71: Infancia y la adolescencia protegida integralmente | R71: 01030201-MP2 | S71: Establecer un pacto de convivencia ciudadana entre los actores del municipio. | T71: Pacto de convivencia ciudadana establecido | U71: 0 | V71: 1 | W71: 1 | X71: 0 | Y71: =+X71*1.0244 -> 0 | AA71: =+Y71*1.04 -> 0 | AC71: 5000000 | BP71: =SUM(AC71:BO71) -> 5000000 | BQ71: =+AA71-BP71 -> -5000000 | BR71: =+IF(AA71>=BP71,"CORRECTO","INCORRECTO") -> INCORRECTO | BS71: GERENCIA DE GOBIERNO | BT71: GERENTE DE GOBIERNO
A72: 01 | B72: SOCIO CULTURAL | D72: 0103 | E72: Tocancipá Segura | H72: 010302 | I72: Infancia y Adolescencia base de la sociedad | J72: 010302-MR1 | K72: Reducir en un 80% los índices de maltrato infantil, violencia intrafamiliar e inasistencia alimentaria en el municipio de Tocancipá | N72: 169 | P72: 01030201 | Q72: Infancia y la adolescencia protegida integralmente | R72: 01030201-MP3 | S72: Crear el comité de infancia y adolescencia del municipio, que lidere la aplicación de políticas relacionadas. | T72: Cómite de infancia y adolescencia creado | U72: 0 | V72: 1 | W72: 1 | X72: 0 | Y72: =+X72*1.0244 -> 0 | AA72: =+Y72*1.04 -> 0 | BP72: =SUM(AC72:BO72) -> 0 | BQ72: =+AA72-BP72 -> 0 | BR72: =+IF(AA72>=BP72,"CORRECTO","INCORRECTO") -> CORRECTO | BS72: GERENCIA DE GOBIERNO | BT72: GERENTE DE GOBIERNO
A73: 01 | B73: SOCIO CULTURAL | D73: 0103 | E73: Tocancipá Segura | H73: 010303 | I73: Riesgos y Amenazas | J73: 010303-MR1 | K73: Implementar una política pública de gestión del riesgo. | L73: =+(SUM(X73:X75))/$Z$196 -> 0.00041647972 | N73: 1 | O73: 1 | P73: 01030301 | Q73: Gestión del riesgo. | R73: 01030301-MP1 | S73: Actualizar el plan de gestión del riesgo, que contenga el plan de contingencia y protocolos de actuación. | T73: Plan de gestión del riesgo actualizado | U73: 1 | V73: 1 | W73: 1 | X73: 0 | Y73: =+X73*1.0244 -> 0 | Z73: =SUM(X73:X75) -> 50000000 | AA73: =+Y73*1.04 -> 0 | AB73: =SUM(AA73:AA75) -> 53268800 | BP73: =SUM(AC73:BO73) -> 0 | BQ73: =+AA73-BP73 -> 0 | BR73: =+IF(AA73>=BP73,"CORRECTO","INCORRECTO") -> CORRECTO | BS73: GERENCIA DE GOBIERNO | BT73: GERENTE DE GOBIERNO
A74: 01 | B74: SOCIO CULTURAL | D74: 0103 | E74: Tocancipá Segura | H74: 010303 | I74: Riesgos y Amenazas | J74: 010303-MR1 | K74: Implementar una política pública de gestión del riesgo. | N74: 1 | P74: 01030301 | Q74: Gestión del riesgo. | R74: 01030301-MP2 | S74: Crear el cuerpo oficial de bomberos en el municipio. | T74: Cuerpo oficial de bomberos creado | U74: 0 | V74: 1 | W74: 0.975 | X74: 50000000 | Y74: =+X74*1.0244 -> 51220000 | AA74: =+Y74*1.04 -> 53268800 | AD74: 4.0357706e+08 | BP74: =SUM(AC74:BO74) -> 4.0357706e+08 | BQ74: =+AA74-BP74 -> -3.5030826e+08 | BR74: =+IF(AA74>=BP74,"CORRECTO","INCORRECTO") -> INCORRECTO | BS74: GERENCIA DE GOBIERNO | BT74: GERENTE DE GOBIERNO
A75: 01 | B75: SOCIO CULTURAL | D75: 0103 | E75: Tocancipá Segura | H75: 010303 | I75: Riesgos y Amenazas | J75: 010303-MR1 | K75: Implementar una política pública de gestión del riesgo. | N75: 1 | P75: 01030301 | Q75: Gestión del riesgo. | R75: 01030301-MP3 | S75: Fortalecer el funcionamiento del Comité Local para la Prevención y Atención de Desastres (CLOPAD), convocando a la cruz roja a su vinculación. | T75: Consejo Municipal para la Gestión del Riesgo fortalecido | U75: 1 | V75: 1 | W75: 1 | X75: 0 | Y75: =+X75*1.0244 -> 0 | AA75: =+Y75*1.04 -> 0 | AB75: =SUM(AA61:AA75) -> 905569600 | BP75: =SUM(AC75:BO75) -> 0 | BQ75: =+AA75-BP75 -> 0 | BR75: =+IF(AA75>=BP75,"CORRECTO","INCORRECTO") -> CORRECTO | BS75: GERENCIA DE GOBIERNO | BT75: GERENTE DE GOBIERNO
A76: 01 | B76: SOCIO CULTURAL | D76: 0104 | E76: Nuevos Vientos Culturales y Turísticos | F76: =+(Z76+Z85+Z88)/$Z$196 -> 0.03983277 | G76: Cultura | H76: 010401 | I76: Difusión de la Cultu ra y formación de Artistas | J76: 010401-MR1 | K76: Dar cubrimiento a 3500 personas por año en las diferentes escuelas de formación artísticocultural y promoción de la cultura Tocancipeña. | L76: =+(SUM(X76:X84))/$Z$196 -> 0.036306203 | N76: 1700 | O76: 14000 | P76: 01040101 | Q76: Promoción de la cultura. | R76: 01040101-MP1 | S76: Formular el plan decenal de cultura 2012-2022. | T76: Plan Decenal de Cultura formulado | U76: 0 | V76: 1 | W76: 1 | X76: 0 | Y76: =+X76*1.0244 -> 0 | Z76: =SUM(X76:X84) -> 4358700000 | AA76: =+Y76*1.04 -> 0 | AB76: =SUM(AA76:AA84) -> 4.6436544e+09 | BP76: =SUM(AC76:BO76) -> 0 | BQ76: =+AA76-BP76 -> 0 | BR76: =+IF(AA76>=BP76,"CORRECTO","INCORRECTO") -> CORRECTO | BS76: GERENCIA DE CULTURA Y TURISMO | BT76: GERENTE DE CULTURA Y TURISMO
A77: 01 | B77: SOCIO CULTURAL | D77: 0104 | E77: Nuevos Vientos Culturales y Turísticos | H77: 010401 | I77: Difusión de la Cultu ra y formación de Artistas | J77: 010401-MR1 | K77: Dar cubrimiento a 3500 personas por año en las diferentes escuelas de formación artísticocultural y promoción de la cultura Tocancipeña. | N77: 1700 | P77: 01040101 | Q77: Promoción de la cultura. | R77: 01040101-MP2 | S77: Institucionalizar la escuela de artes. | T77: Escuela de Artes Institucionalizada | U77: 0 | V77: 1 | W77: 1 | X77: 0 | Y77: =+X77*1.0244 -> 0 | AA77: =+Y77*1.04 -> 0 | BP77: =SUM(AC77:BO77) -> 0 | BQ77: =+AA77-BP77 -> 0 | BR77: =+IF(AA77>=BP77,"CORRECTO","INCORRECTO") -> CORRECTO | BS77: GERENCIA DE CULTURA Y TURISMO | BT77: GERENTE DE CULTURA Y TURISMO
A78: 01 | B78: SOCIO CULTURAL | D78: 0104 | E78: Nuevos Vientos Culturales y Turísticos | H78: 010401 | I78: Difusión de la Cultu ra y formación de Artistas | J78: 010401-MR1 | K78: Dar cubrimiento a 3500 personas por año en las diferentes escuelas de formación artísticocultural y promoción de la cultura Tocancipeña. | N78: 1700 | P78: 01040101 | Q78: Promoción de la cultura. | R78: 01040101-MP3 | S78: Fortalecer el funcionamiento de las 4 líneas de formación cultural (música, artes plásticas, artes escénicas y artes manuales). | T78: Líneas de Formación Cultural fortalecidas | U78: 4 | V78: 4 | W78: 3 | X78: 3018700000 | Y78: =+X78*1.0244 -> 3092356280 | AA78: =+Y78*1.04 -> 3.2160505e+09 | AC78: =1680000000+40000000+100000000+200000000-184844000-200000000-19015600 -> 1616140400 | AM78: =231055000-46211000 -> 184844000 | AU78: 103538598 | BK78: 1229000 | BP78: =SUM(AC78:BO78) -> 1905751998 | BQ78: =+AA78-BP78 -> 1.3102985e+09 | BR78: =+IF(AA78>=BP78,"CORRECTO","INCORRECTO") -> CORRECTO | BS78: GERENCIA DE CULTURA Y TURISMO | BT78: GERENTE DE CULTURA Y TURISMO
A79: 01 | B79: SOCIO CULTURAL | D79: 0104 | E79: Nuevos Vientos Culturales y Turísticos | H79: 010401 | I79: Difusión de la Cultu ra y formación de Artistas | J79: 010401-MR1 | K79: Dar cubrimiento a 3500 personas por año en las diferentes escuelas de formación artísticocultural y promoción de la cultura Tocancipeña. | N79: 1700 | P79: 01040101 | Q79: Promoción de la cultura. | R79: 01040101-MP4 | S79: Realizar 40 eventos y celebraciones artísticas culturales, fiestas patrias y navideñas en el municipio. | T79: Eventos Realizados | U79: 10 | V79: 40 | W79: 30 | X79: 850000000 | Y79: =+X79*1.0244 -> 870740000 | AA79: =+Y79*1.04 -> 905569600 | AC79: =650000000-200000000-50000000 -> 400000000 | BP79: =SUM(AC79:BO79) -> 400000000 | BQ79: =+AA79-BP79 -> 505569600 | BR79: =+IF(AA79>=BP79,"CORRECTO","INCORRECTO") -> CORRECTO | BS79: GERENCIA DE CULTURA Y TURISMO | BT79: GERENTE DE CULTURA Y TURISMO
A80: 01 | B80: SOCIO CULTURAL | D80: 0104 | E80: Nuevos Vientos Culturales y Turísticos | H80: 010401 | I80: Difusión de la Cultu ra y formación de Artistas | J80: 010401-MR1 | K80: Dar cubrimiento a 3500 personas por año en las diferentes escuelas de formación artísticocultural y promoción de la cultura Tocancipeña. | N80: 1700 | P80: 01040101 | Q80: Promoción de la cultura. | R80: 01040101-MP5 | S80: Institucionalizar un evento a nivel internacional de bandas sinfónicas, liderado por el municipio. | T80: Concurso Internacional de Bandas Sinfónicas Institucionalizado | U80: 0 | V80: 1 | W80: 1 | X80: 0 | Y80: =+X80*1.0244 -> 0 | AA80: =+Y80*1.04 -> 0 | BP80: =SUM(AC80:BO80) -> 0 | BQ80: =+AA80-BP80 -> 0 | BR80: =+IF(AA80>=BP80,"CORRECTO","INCORRECTO") -> CORRECTO | BS80: GERENCIA DE CULTURA Y TURISMO | BT80: GERENTE DE CULTURA Y TURISMO
A81: 01 | B81: SOCIO CULTURAL | D81: 0104 | E81: Nuevos Vientos Culturales y Turísticos | H81: 010401 | I81: Difusión de la Cultu ra y formación de Artistas | J81: 010401-MR1 | K81: Dar cubrimiento a 3500 personas por año en las diferentes escuelas de formación artísticocultural y promoción de la cultura Tocancipeña. | N81: 1700 | P81: 01040101 | Q81: Promoción de la cultura. | R81: 01040101-MP6 | S81: Realizar 40 actividades culturales, en las veredas y centros poblados del municipio. | T81: Actividades culturales realizadas en las veredas y centros poblados del Municipio | U81: 8 | V81: 40 | W81: 30 | X81: 60000000 | Y81: =+X81*1.0244 -> 61464000 | AA81: =+Y81*1.04 -> 63922560 | BP81: =SUM(AC81:BO81) -> 0 | BQ81: =+AA81-BP81 -> 63922560 | BR81: =+IF(AA81>=BP81,"CORRECTO","INCORRECTO") -> CORRECTO | BS81: GERENCIA DE CULTURA Y TURISMO | BT81: GERENTE DE CULTURA Y TURISMO
A82: 01 | B82: SOCIO CULTURAL | D82: 0104 | E82: Nuevos Vientos Culturales y Turísticos | H82: 010401 | I82: Difusión de la Cultu ra y formación de Artistas | J82: 010401-MR1 | K82: Dar cubrimiento a 3500 personas por año en las diferentes escuelas de formación artísticocultural y promoción de la cultura Tocancipeña. | N82: 1700 | P82: 01040101 | Q82: Promoción de la cultura. | R82: 01040101-MP7 | S82: Apoyar la participación de los artistas en 48 eventos del orden internacional, nacional, regional y/o departamental. | T82: Artistas apoyados para la participación en eventos del orden Internacional, Nacional, Regional y/o Departamental | U82: 6 | V82: 48 | W82: 36 | X82: 400000000 | Y82: =+X82*1.0244 -> 409760000 | AA82: =+Y82*1.04 -> 426150400 | AC82: 270000000 | BP82: =SUM(AC82:BO82) -> 270000000 | BQ82: =+AA82-BP82 -> 156150400 | BR82: =+IF(AA82>=BP82,"CORRECTO","INCORRECTO") -> CORRECTO | BS82: GERENCIA DE CULTURA Y TURISMO | BT82: GERENTE DE CULTURA Y TURISMO
A83: 01 | B83: SOCIO CULTURAL | D83: 0104 | E83: Nuevos Vientos Culturales y Turísticos | H83: 010401 | I83: Difusión de la Cultu ra y formación de Artistas | J83: 010401-MR1 | K83: Dar cubrimiento a 3500 personas por año en las diferentes escuelas de formación artísticocultural y promoción de la cultura Tocancipeña. | N83: 1700 | P83: 01040101 | Q83: Promoción de la cultura. | R83: 01040101-MP8 | S83: Implementar un programa que promueva la salvaguarda del patrimonio cultural tangible e intangible del municipio. | T83: Programa de salvaguardada del patrimonio cultural implementado | U83: 0 | V83: 1 | W83: 1 | X83: 0 | Y83: =+X83*1.0244 -> 0 | AA83: =+Y83*1.04 -> 0 | AC83: 30000000 | BP83: =SUM(AC83:BO83) -> 30000000 | BQ83: =+AA83-BP83 -> -30000000 | BR83: =+IF(AA83>=BP83,"CORRECTO","INCORRECTO") -> INCORRECTO | BS83: GERENCIA DE CULTURA Y TURISMO | BT83: GERENTE DE CULTURA Y TURISMO
A84: 01 | B84: SOCIO CULTURAL | D84: 0104 | E84: Nuevos Vientos Culturales y Turísticos | H84: 010401 | I84: Difusión de la Cultu ra y formación de Artistas | J84: 010401-MR1 | K84: Dar cubrimiento a 3500 personas por año en las diferentes escuelas de formación artísticocultural y promoción de la cultura Tocancipeña. | N84: 1700 | P84: 01040101 | Q84: Promoción de la cultura. | R84: 01040101-MP9 | S84: Apoyar a 8 talentos tocancipeños (artistas o agrupaciones) en el posicionamiento de sus proyectos. | T84: Talentos tocancipeños beneficiados con el posicionamiento de sus proyectos | U84: 2 | V84: 8 | W84: 6 | X84: 30000000 | Y84: =+X84*1.0244 -> 30732000 | AA84: =+Y84*1.04 -> 31961280 | AC84: 35000000 | BP84: =SUM(AC84:BO84) -> 35000000 | BQ84: =+AA84-BP84 -> -3038720 | BR84: =+IF(AA84>=BP84,"CORRECTO","INCORRECTO") -> INCORRECTO | BS84: GERENCIA DE CULTURA Y TURISMO | BT84: GERENTE DE CULTURA Y TURISMO
A85: 01 | B85: SOCIO CULTURAL | D85: 0104 | E85: Nuevos Vientos Culturales y Turísticos | G85: Turismo | H85: 010402 | I85: Tocancipá atractivo turístico. | J85: 010402-MR1 | K85: Alcanzar 5000 visitantes anuales a los sitios de interés turístico del municipio. | L85: =+(SUM(X85:X87))/$Z$196 -> 0.00041647972 | N85: 2500 | O85: 20000 | P85: 01040201 | Q85: Tocancipá atractivo turístico. | R85: 01040201-MP1 | S85: Formular y ejecutar el plan sectorial de turismo. | T85: Plan Sectorial de Turismo formulado y ejecutado | U85: 0 | V85: 1 | W85: 1 | X85: 0 | Y85: =+X85*1.0244 -> 0 | Z85: =SUM(X85:X87) -> 50000000 | AA85: =+Y85*1.04 -> 0 | AB85: =SUM(AA85:AA87) -> 53268800 | BP85: =SUM(AC85:BO85) -> 0 | BQ85: =+AA85-BP85 -> 0 | BR85: =+IF(AA85>=BP85,"CORRECTO","INCORRECTO") -> CORRECTO | BS85: GERENCIA DE CULTURA Y TURISMO | BT85: GERENTE DE CULTURA Y TURISMO
A86: 01 | B86: SOCIO CULTURAL | D86: 0104 | E86: Nuevos Vientos Culturales y Turísticos | H86: 010402 | I86: Tocancipá atractivo turístico. | J86: 010402-MR1 | K86: Alcanzar 5000 visitantes anuales a los sitios de interés turístico del municipio. | N86: 2500 | P86: 01040201 | Q86: Tocancipá atractivo turístico. | R86: 01040201-MP2 | S86: Crear y mantener la escuela de formación en turismo. | T86: Escuela de Formacion en Turismo creada e implementada | U86: 0 | V86: 1 | W86: 1 | X86: 0 | Y86: =+X86*1.0244 -> 0 | AA86: =+Y86*1.04 -> 0 | BP86: =SUM(AC86:BO86) -> 0 | BQ86: =+AA86-BP86 -> 0 | BR86: =+IF(AA86>=BP86,"CORRECTO","INCORRECTO") -> CORRECTO | BS86: GERENCIA DE CULTURA Y TURISMO | BT86: GERENTE DE CULTURA Y TURISMO
A87: 01 | B87: SOCIO CULTURAL | D87: 0104 | E87: Nuevos Vientos Culturales y Turísticos | H87: 010402 | I87: Tocancipá atractivo turístico. | J87: 010402-MR1 | K87: Alcanzar 5000 visitantes anuales a los sitios de interés turístico del municipio. | N87: 2500 | P87: 01040201 | Q87: Tocancipá atractivo turístico. | R87: 01040201-MP3 | S87: Recuperar 4 monumentos y/o sitios de interés público o patrimonial. | T87: Número de monumentos y/o situis de interés público o patrimonial recuperados | U87: 0 | V87: 4 | W87: 3 | X87: 50000000 | Y87: =+X87*1.0244 -> 51220000 | AA87: =+Y87*1.04 -> 53268800 | AC87: 30000000 | BP87: =SUM(AC87:BO87) -> 30000000 | BQ87: =+AA87-BP87 -> 23268800 | BR87: =+IF(AA87>=BP87,"CORRECTO","INCORRECTO") -> CORRECTO | BS87: GERENCIA DE CULTURA Y TURISMO | BT87: GERENTE DE CULTURA Y TURISMO | CT87: =+#REF!*$G$470 -> #REF!
A88: 01 | B88: SOCIO CULTURAL | D88: 0104 | E88: Nuevos Vientos Culturales y Turísticos | G88: Cultura | H88: 010403 | I88: Red de bibliotecas | J88: 010403-MR1 | K88: Afiliar 1000 personas a la estrategia de la red de bibliotecas. | L88: =+(SUM(X88:X91))/$Z$196 -> 0.0031100873 | N88: 0 | O88: 1000 | P88: 01040301 | Q88: Red de bibliotecas. | R88: 01040301-MP1 | S88: Formular el plan decenal de lectura, escritura y bibliotecas en el municipio. | T88: Plan decenal de lectura, escritura y bibliotecas formulado | U88: 0 | V88: 1 | W88: 1 | X88: 75000000 | Y88: =+X88*1.0244 -> 76830000 | Z88: =SUM(X88:X91) -> 373378000 | AA88: =+Y88*1.04 -> 79903200 | AB88: =SUM(AA88:AA91) -> 3.9778796e+08 | BP88: =SUM(AC88:BO88) -> 0 | BQ88: =+AA88-BP88 -> 79903200 | BR88: =+IF(AA88>=BP88,"CORRECTO","INCORRECTO") -> CORRECTO | BS88: GERENCIA DE CULTURA Y TURISMO | BT88: GERENTE DE CULTURA Y TURISMO
A89: 01 | B89: SOCIO CULTURAL | D89: 0104 | E89: Nuevos Vientos Culturales y Turísticos | H89: 010403 | I89: Red de bibliotecas | J89: 010403-MR1 | K89: Afiliar 1000 personas a la estrategia de la red de bibliotecas. | N89: 0 | P89: 01040301 | Q89: Red de bibliotecas. | R89: 01040301-MP2 | S89: Fortalecer y dotar la red existente de bibliotecas, articulándose con la estrategia nacional. | T89: Número de bibliotecas fortalecidas y dotadas | U89: 2 | V89: 5 | W89: 2 | X89: 243640000 | Y89: =+X89*1.0244 -> 249584816 | AA89: =+Y89*1.04 -> 2.5956821e+08 | AC89: 40000000 | AM89: 46211000 | BP89: =SUM(AC89:BO89) -> 86211000 | BQ89: =+AA89-BP89 -> 1.7335721e+08 | BR89: =+IF(AA89>=BP89,"CORRECTO","INCORRECTO") -> CORRECTO | BS89: GERENCIA DE CULTURA Y TURISMO | BT89: GERENTE DE CULTURA Y TURISMO
A90: 01 | B90: SOCIO CULTURAL | D90: 0104 | E90: Nuevos Vientos Culturales y Turísticos | H90: 010403 | I90: Red de bibliotecas | J90: 010403-MR1 | K90: Afiliar 1000 personas a la estrategia de la red de bibliotecas. | N90: 0 | P90: 01040301 | Q90: Red de bibliotecas. | R90: 01040301-MP3 | S90: Establecer y mantener 1 convenio con la red nacional de bibliotecas. | T90: Convenio suscrito con red nacional de bibliotecas | U90: 0 | V90: 1 | W90: 1 | X90: 20000000 | Y90: =+X90*1.0244 -> 20488000 | AA90: =+Y90*1.04 -> 21307520 | BP90: =SUM(AC90:BO90) -> 0 | BQ90: =+AA90-BP90 -> 21307520 | BR90: =+IF(AA90>=BP90,"CORRECTO","INCORRECTO") -> CORRECTO | BS90: GERENCIA DE CULTURA Y TURISMO | BT90: GERENTE DE CULTURA Y TURISMO
A91: 01 | B91: SOCIO CULTURAL | D91: 0104 | E91: Nuevos Vientos Culturales y Turísticos | H91: 010403 | I91: Red de bibliotecas | J91: 010403-MR1 | K91: Afiliar 1000 personas a la estrategia de la red de bibliotecas. | N91: 0 | P91: 01040301 | Q91: Red de bibliotecas. | R91: 01040301-MP4 | S91: Adecuar espacios para la creación de 2 nuevas bibliotecas en el municipio. | T91: Número de bibliotecas creadas | U91: 5 | V91: 2 | W91: 1 | X91: 34738000 | Y91: =+X91*1.0244 -> 35585607 | AA91: =+Y91*1.04 -> 37009031 | AB91: =SUM(AA76:AA91) -> 5.0947111e+09 | BP91: =SUM(AC91:BO91) -> 0 | BQ91: =+AA91-BP91 -> 37009031 | BR91: =+IF(AA91>=BP91,"CORRECTO","INCORRECTO") -> CORRECTO | BS91: GERENCIA DE CULTURA Y TURISMO | BT91: GERENTE DE CULTURA Y TURISMO
A92: 01 | B92: SOCIO CULTURAL | D92: 0105 | E92: Desarrollo armónico e integral del ser humano por medio del deporte | F92: =+(Z92+Z96)/$Z$196 -> 0.019749468 | G92: Recreación, deporte y aprovechamiento del tiempo libre | H92: 010501 | I92: Fomento del deporte | J92: 010501-MR1 | K92: Incrementar en un 30% la vinculación de deportistas a las escuelas deportivas. | L92: =+(SUM(X92:X95))/$Z$196 -> 0.009054269 | N92: 2292 | O92: 2980 | P92: 01050101 | Q92: Fomento del deporte. | R92: 01050101-MP1 | S92: Implementar 3 nuevas disciplinas al programa de escuelas de formación deportiva. | T92: Número de Escuelas Deportivas implementadas y operando. | U92: 14 | V92: 17 | W92: 16 | X92: 119500000 | Y92: =+X92*1.0244 -> 122415800 | Z92: =SUM(X92:X95) -> 1087000000 | AA92: =+Y92*1.04 -> 127312432 | AB92: =SUM(AA92:AA95) -> 1158063712 | AC92: 57000000 | BP92: =SUM(AC92:BO92) -> 57000000 | BQ92: =+AA92-BP92 -> 70312432 | BR92: =+IF(AA92>=BP92,"CORRECTO","INCORRECTO") -> CORRECTO | BS92: INSTITUTO MUNICIPAL DE RECREACION Y DEPORTE DE TOCANCIPA | BT92: DIRECTOR EJECUTIVO INSTITUTO DE RECREACION Y DEPORTE
A93: 01 | B93: SOCIO CULTURAL | D93: 0105 | E93: Desarrollo armónico e integral del ser humano por medio del deporte | H93: 010501 | I93: Fomento del deporte | J93: 010501-MR1 | K93: Incrementar en un 30% la vinculación de deportistas a las escuelas deportivas. | N93: 2292 | P93: 01050101 | Q93: Fomento del deporte. | R93: 01050101-MP2 | S93: Mantener las escuelas deportivas del municipio. | T93: Número de Escuelas deportivas con mantenimiento | U93: 14 | V93: 14 | W93: 14 | X93: 638380000 | Y93: =+X93*1.0244 -> 653956472 | AA93: =+Y93*1.04 -> 6.8011473e+08 | AC93: 300000000 | AJ93: 311840000 | BP93: =SUM(AC93:BO93) -> 611840000 | BQ93: =+AA93-BP93 -> 68274731 | BR93: =+IF(AA93>=BP93,"CORRECTO","INCORRECTO") -> CORRECTO | BS93: INSTITUTO MUNICIPAL DE RECREACION Y DEPORTE DE TOCANCIPA | BT93: DIRECTOR EJECUTIVO INSTITUTO DE RECREACION Y DEPORTE
A94: 01 | B94: SOCIO CULTURAL | D94: 0105 | E94: Desarrollo armónico e integral del ser humano por medio del deporte | H94: 010501 | I94: Fomento del deporte | J94: 010501-MR1 | K94: Incrementar en un 30% la vinculación de deportistas a las escuelas deportivas. | N94: 2292 | P94: 01050101 | Q94: Fomento del deporte. | R94: 01050101-MP3 | S94: Descentralizar en 15 sectores y/o veredas del municipio, el programa de las escuelas de formación deportiva. | T94: Número de veredas y/o sectores con programa de Escuelas deportivas descentralizadas. | U94: 4 | V94: 15 | W94: 12 | X94: 52970000 | Y94: =+X94*1.0244 -> 54262468 | AA94: =+Y94*1.04 -> 56432967 | BP94: =SUM(AC94:BO94) -> 0 | BQ94: =+AA94-BP94 -> 56432967 | BR94: =+IF(AA94>=BP94,"CORRECTO","INCORRECTO") -> CORRECTO | BS94: INSTITUTO MUNICIPAL DE RECREACION Y DEPORTE DE TOCANCIPA | BT94: DIRECTOR EJECUTIVO INSTITUTO DE RECREACION Y DEPORTE
A95: 01 | B95: SOCIO CULTURAL | D95: 0105 | E95: Desarrollo armónico e integral del ser humano por medio del deporte | H95: 010501 | I95: Fomento del deporte | J95: 010501-MR1 | K95: Incrementar en un 30% la vinculación de deportistas a las escuelas deportivas. | N95: 2292 | P95: 01050101 | Q95: Fomento del deporte. | R95: 01050101-MP4 | S95: Incrementar en 80 salidas al año, la participación de las escuelas de formación deportiva a nivel zonal, departamental y nacional. | T95: Número de participaciones en competencias externas. | U95: 48 | V95: 368 | W95: 278 | X95: 276150000 | Y95: =+X95*1.0244 -> 282888060 | AA95: =+Y95*1.04 -> 2.9420358e+08 | AC95: 140000000 | AJ95: 100150000 | BP95: =SUM(AC95:BO95) -> 240150000 | BQ95: =+AA95-BP95 -> 54053582 | BR95: =+IF(AA95>=BP95,"CORRECTO","INCORRECTO") -> CORRECTO | BS95: INSTITUTO MUNICIPAL DE RECREACION Y DEPORTE DE TOCANCIPA | BT95: DIRECTOR EJECUTIVO INSTITUTO DE RECREACION Y DEPORTE
A96: 01 | B96: SOCIO CULTURAL | D96: 0105 | E96: Desarrollo armónico e integral del ser humano por medio del deporte | G96: Recreación, deporte y aprovechamiento del tiempo libre | H96: 010502 | I96: Todos Competitivos y todos por nuestros talentos | J96: 010502-MR1 | K96: Incrementar en un 150%, nuevos deportistas al programa “Todos competitivos y todos por nuestros talentos”. | L96: =+(SUM(X96:X103))/$Z$196 -> 0.010695199 | N96: 2000 | O96: 3000 | P96: 01050201 | Q96: Todos competitivos y todos por nuestros talentos. | R96: 01050201-MP1 | S96: Realizar 50 eventos recreo deportivos con proyección y calidad al año. | T96: Numero de eventos realizados. | U96: 44 | V96: 219 | W96: 169 | X96: 343900000 | Y96: =+X96*1.0244 -> 352291160 | Z96: =SUM(X96:X103) -> 1284000000 | AA96: =+Y96*1.04 -> 3.6638281e+08 | AB96: =SUM(AA96:AA103) -> 1.3679428e+09 | AC96: 280000000 | AT96: =177993000-59941537 -> 118051463 | BP96: =SUM(AC96:BO96) -> 398051463 | BQ96: =+AA96-BP96 -> -31668657 | BR96: =+IF(AA96>=BP96,"CORRECTO","INCORRECTO") -> INCORRECTO | BS96: INSTITUTO MUNICIPAL DE RECREACION Y DEPORTE DE TOCANCIPA | BT96: DIRECTOR EJECUTIVO INSTITUTO DE RECREACION Y DEPORTE
A97: 01 | B97: SOCIO CULTURAL | D97: 0105 | E97: Desarrollo armónico e integral del ser humano por medio del deporte | H97: 010502 | I97: Todos Competitivos y todos por nuestros talentos | J97: 010502-MR1 | K97: Incrementar en un 150%, nuevos deportistas al programa “Todos competitivos y todos por nuestros talentos”. | N97: 2000 | P97: 01050201 | Q97: Todos competitivos y todos por nuestros talentos. | R97: 01050201-MP2 | S97: Incrementar en 2, y mantener el apoyo a los 8 clubes asociados, con programas de incentivos avalados por el Instituto Municipal de Recreación y Deportes de Tocancipá (IMRDT). | T97: Numero de clubes creados y apoyados. | U97: 8 | V97: 43 | W97: 33 | X97: 91500000 | Y97: =+X97*1.0244 -> 93732600 | AA97: =+Y97*1.04 -> 97481904 | AC97: 30000000 | BP97: =SUM(AC97:BO97) -> 30000000 | BQ97: =+AA97-BP97 -> 67481904 | BR97: =+IF(AA97>=BP97,"CORRECTO","INCORRECTO") -> CORRECTO | BS97: INSTITUTO MUNICIPAL DE RECREACION Y DEPORTE DE TOCANCIPA | BT97: DIRECTOR EJECUTIVO INSTITUTO DE RECREACION Y DEPORTE
A98: 01 | B98: SOCIO CULTURAL | D98: 0105 | E98: Desarrollo armónico e integral del ser humano por medio del deporte | H98: 010502 | I98: Todos Competitivos y todos por nuestros talentos | J98: 010502-MR1 | K98: Incrementar en un 150%, nuevos deportistas al programa “Todos competitivos y todos por nuestros talentos”. | N98: 2000 | P98: 01050201 | Q98: Todos competitivos y todos por nuestros talentos. | R98: 01050201-MP3 | S98: Realizar 50 capacitaciones durante el cuatrenio a la comunidad, en temas de fortalecimiento del deporte y fomento de la recreación. | T98: Numero de capacitaciones realizadas. | U98: 0 | V98: 50 | W98: 40 | X98: 20000000 | Y98: =+X98*1.0244 -> 20488000 | AA98: =+Y98*1.04 -> 21307520 | BP98: =SUM(AC98:BO98) -> 0 | BQ98: =+AA98-BP98 -> 21307520 | BR98: =+IF(AA98>=BP98,"CORRECTO","INCORRECTO") -> CORRECTO | BS98: INSTITUTO MUNICIPAL DE RECREACION Y DEPORTE DE TOCANCIPA | BT98: DIRECTOR EJECUTIVO INSTITUTO DE RECREACION Y DEPORTE
A99: 01 | B99: SOCIO CULTURAL | D99: 0105 | E99: Desarrollo armónico e integral del ser humano por medio del deporte | H99: 010502 | I99: Todos Competitivos y todos por nuestros talentos | J99: 010502-MR1 | K99: Incrementar en un 150%, nuevos deportistas al programa “Todos competitivos y todos por nuestros talentos”. | N99: 2000 | P99: 01050201 | Q99: Todos competitivos y todos por nuestros talentos. | R99: 01050201-MP4 | S99: Implementar un programa de incentivos a los mejores deportistas por año. | T99: Numero de deportistas vinculados al programa de incentivos. | U99: 0 | V99: 4 | W99: 3 | X99: 72400000 | Y99: =+X99*1.0244 -> 74166560 | AA99: =+Y99*1.04 -> 77133222 | AC99: 24400000 | BP99: =SUM(AC99:BO99) -> 24400000 | BQ99: =+AA99-BP99 -> 52733222 | BR99: =+IF(AA99>=BP99,"CORRECTO","INCORRECTO") -> CORRECTO | BS99: INSTITUTO MUNICIPAL DE RECREACION Y DEPORTE DE TOCANCIPA | BT99: DIRECTOR EJECUTIVO INSTITUTO DE RECREACION Y DEPORTE
A100: 01 | B100: SOCIO CULTURAL | D100: 0105 | E100: Desarrollo armónico e integral del ser humano por medio del deporte | H100: 010502 | I100: Todos Competitivos y todos por nuestros talentos | J100: 010502-MR1 | K100: Incrementar en un 150%, nuevos deportistas al programa “Todos competitivos y todos por nuestros talentos”. | N100: 2000 | P100: 01050201 | Q100: Todos competitivos y todos por nuestros talentos. | R100: 01050201-MP5 | S100: Implementar el programa especializado de alto rendimiento, que vincule a los deportistas de las escuelas de formación. | T100: Numero de deportistas o selecciones vinculadas al programa de Alto Rendimiento. | U100: 0 | V100: 4 | W100: 3 | X100: 334800000 | Y100: =+X100*1.0244 -> 342969120 | AA100: =+Y100*1.04 -> 3.5668788e+08 | AC100: 30000000 | AJ100: 99541667 | BP100: =SUM(AC100:BO100) -> 1.2954167e+08 | BQ100: =+AA100-BP100 -> 2.2714622e+08 | BR100: =+IF(AA100>=BP100,"CORRECTO","INCORRECTO") -> CORRECTO | BS100: INSTITUTO MUNICIPAL DE RECREACION Y DEPORTE DE TOCANCIPA | BT100: DIRECTOR EJECUTIVO INSTITUTO DE RECREACION Y DEPORTE
...

Sheet TECHOS PRESUPUESTALES 2014
A2: CUADRO No. 1
A3: MUNICIPIO DE TOCANCIPA
A4: GERENCIA FINANCIERA
A5: PROYECCION RECURSOS FINANCIEROS PARA FINANCIAR EL PLAN DE INVERSIONES 2014
A7: TIPO DE RECURSO | B7: DESTINACION | C7: AÑO 2014 | D7: GERENCIA | E7: DETALLES DE LA DESTINACIÓN ESPECÍFICA
A8: RENTAS RECURRENTES
A9: INGRESOS CORRIENTES DE LIBRE DESTINACION- ICLD | B9: TODOS LOS SECTORES DEL PD | C9: =+[1]INVERSION!$C$8+120.978446960449 -> 2.3977281e+10
A10: PARTICIPACION CON DESTINO AMBIENTAL | B10: TRANSFERENCIA CAR R`PROTECCION RECURSOS NATURALES | E10: Ley 99/1993, art. 45 "Porcentaje Ambiental de los Gravámenes a la Propiedad Inmueble (…) y con destino a la protección del medio ambiente y los recursos naturales renovables, un porcentaje sobre el total del recaudo por concepto de impuesto predial, que no podrá ser inferior al 15% ni superior al 25.9% (...)
A11: SOBRETASA BOMBERIL | B11: FINANCIAR ACTIVIDAD BOMBERIL | C11: 4.0357706e+08 | D11: GOBIERNO | E11: $403'577.060,76 para Inversión; $353'545.541,24 para gastos de funcionamiento del cuerpo oficial de bomberos.
A12: SOBRETASA A LA GASOLINA | B12: INFRAESTRUCTURA VIAL | C12: =+[1]INVERSION!$C$11 -> 1042091000 | D12: INFRAESTRUCTURA
A13: IMPUESTO DE ESPECTACULOS PUBLICOS | B13: CULTURA | C13: 84476000 | D13: CULTURA | E13: LEY 1493 DE 2011. Artículo 13. Asignación de los recursos. La Cuenta Especial de la contribución parafiscal de los espectáculos públicos de las artes escénicas estará a cargo del Ministerio de Cultura, entidad que trasladará los recursos a los municipios a través de las Secretarías de Hacienda o quienes hagan sus veces, las cuales a su vez, deberán transferir los recursos a las secretarías de cultura o quienes hagan sus veces. Estos recursos y sus rendimientos serán de destinación específica y estarán orientados a inversión en construcción, adecuación, mejoramiento y dotación de la infraestructura de los escenarios para los espectáculos públicos de las artes escénicas.
A14: CONTRIBUCION DE VALORIZACION | B14: INFRAESTRUCTURA VIAL SEGÚN ACUERDO | C14: 330000000 | D14: INFRAESTRUCTURA
A15: PLUSVALIA | C15: 2408073698 | D15: INFRAESTRUCTURA | E15: Dec. M/pal No. 111 de 2008, art. 319, destinación: a)Terrenos proyectos VIS; b)Construcción o mejoramiento de Infraestructura vial, const. o mejor infraest. Servicios públicos domiciliarios; c)Áreas de recreación y equipamientos sociales; d)Adecuación de asentamientos urbanos en áreas de desarrollo incompleto o inadecuado; e)Proyectos y obras de recreación, parques y zonas verdes y expansión y recuperación de los centros de equipamientos que conforman la red del espacio público urbano; f)Infraestructura vial y sistemas de transporte masivo; g)programas de renovación urbana; h)indemnizaciones por adquisición de inmuebles para programas de renovación urbana; i)mejora, adecuación o restauración de bienes inmuebles catalogados como patrimonio cultural.
A16: CESIONES TIPO A | C16: 0 | D16: INFRAESTRUCTURA | E16: Ley 388 de 1997, art. 37: (…) las cesiones gratuitas que los propietarios de inmuebles deben hacer con destino a vías locales, equipamientos colectivos y espacio público en general (…)
A17: CONTRIBUCION MIGUEL DE IBARRA | B17: DEPORTYE | C17: 730759524 | D17: DEPORTES
A18: CONTRIBUCION CONTRATOS DE OBRA PUBLICA | B18: FONDO DE SEGURIDAD CIUDADANA | C18: 1710733000 | D18: GOBIERNO
A19: RECURSOS EMGESA LEY 99/93 | B19: AGUA POTABLE Y SANEAMIENTO BASICO 50% | C19: 569605000 | D19: SERVICIOS PÚBLICOS | E19: Ley 99/1993, art. 45 "(...)Estos recursos sólo podrán ser utilizados por el municipio en obras previstas en el plan de desarrollo municipal, con prioridad para proyectos de saneamiento básico y mejoramiento ambiental."; "Parágrafo 1º.- De los recursos de que habla este artículo sólo se podrá destinar hasta el 10% para gastos de funcionamiento. Parágrafo 2º.- Se entiende por saneamiento básico y mejoramiento ambiental la ejecución de obras de acueductos urbanos y rurales, alcantarillados, tratamientos de aguas y manejo y disposición de desechos líquidos y sólidos. Ley 1450 de 2011, art. 222 "(...) Estos recursos deberán ser utilizados por el municipio, en al menos un 50% a partir del año 2012, en proyectos de agua potable, saneamiento básico y mejoramiento ambiental. Parágrafo 1°. De los recursos de que habla este artículo, solo se podrá destinar hasta el 10% para gastos de funcionamiento. Parágrafo 2°. Se entiende por saneamiento básico y mejoramiento ambiental la ejecución de obras de acueductos urbanos y rurales, alcantarillados, tratamientos de aguas y manejo y disposición de desechos líquidos y sólidos.
A20: REGALIAS Y COMPENSACIONES | B20: AGUA POTABLE, EDUCACION Y SALUD - NUTRICION INFANTIL
A21: ESTAMPILLA PROCULTURA | B21: CULTURA | C21: 231055000 | D21: CULTURA
A22: IMPUESTO SOBRE ALUMBRADO PUBLICO | B22: ALIMBRADO PUBLICO | C22: 214843000 | D22: INFRAESTRUCTURA
A23: SGP EDUCACION MATRICULA | B23: EDUCACION INFRAESTRUCTURA, DOTACION, S.P Y FTO ID | C23: 471318035 | D23: EDUCACIÓN
A24: SGP EDUCACION GRATUIDAD | B24: GRATUIDAD GIRO A INS. EDUC | C24: 532877000 | D24: EDUCACIÓN
A25: SGP ALIMENTACION ESCOLAR | B25: ALIMENTACION ESCOLAR | C25: 71905067 | D25: SOCIAL
A26: SGP PRIMERA INFANCIA | B26: PRIMERA INFANCIA
A27: SGP AGUA POTABLE Y SANEAMIENTO BASICO | B27: ACUEDUCTO, ALCANTARILLADO Y ASEO | C27: 627203496 | D27: SERVICIOS PÚBLICOS
A28: SGP DEPORTE Y RECREACION | B28: DEPORTE Y RECREACION | C28: 138051463 | D28: DEPORTES
A29: SGP CULTURA | B29: CULTURA | C29: 103538598 | D29: CULTURA
A30: SGP LIBRE INVERSION | B30: TODOS LOS SECTORES DEL PD | C30: 1311488905
A31: SGP SALUD REGIMEN SUBSIDIADO | B31: AFILIACION REGIMEN SUBSIDIADO | C31: 592582137 | D31: SALUD
A32: SGP SALUD PUBLICA | B32: PIC | C32: 131546231 | D32: SALUD
A33: RECURSOS ETESA | B33: AFILIACION REGIMEN SUBSIDIADO | C33: 42382703 | D33: SALUD
A34: RECURSOS FOSYGA | B34: AFILIACION REGIMEN SUBSIDIADO | C34: 849622614 | D34: SALUD
A35: RECURSOS CAJA DE COMPENSACION FAMILIAR REG. SUBSIDIADO | B35: AFILIACION REGIMEN SUBSIDIADO | C35: 450323371 | D35: SALUD
A36: RENTAS CEDIDAS DEPARTAMENTO REGIMEN SUBSIDIADO | B36: AFILIACION REGIMEN SUBSIDIADO | C36: 382110888 | D36: SALUD
A37: RENDIMIENTOS FINANCIEROS ICLD | B37: TODOS LOS SECTORES DEL PD | C37: 790394940
A38: RENDIMIENTOS FINANCIEROS SGP EDUCACION | B38: EDUCACION INFRAESTRUCTURA, DOTACION, S.P Y FTO ID | C38: 3474618 | D38: EDUCACIÓN
A39: RENDIMIENTOS FUNANCIEROS SGP AGUA POTABLE Y SANEAMIENTO BASICO | B39: ACUEDUCTO, ALCANTARILLADO Y ASEO | C39: 9205236 | D39: SERVICIOS PÚBLICOS
A40: RENDIMIENTOS FINANCIEROS SGP PROPOSITO GENERAL | B40: TODOS LOS SECTORES DEL PD | C40: 28503988
A41: RENDIMIENTOS FINANCIEROS SGP REGIMEN SUBSIDIADO | B41: AFILIACION REGIMEN SUBSIDIADO | C41: 10991042 | D41: SALUD
A42: RENDIMIENTOS FINANCIEROS SGP SALUD PUBLICA | B42: PIC | C42: 300000 | D42: SALUD
A43: RENDIMIENTOS FINANCIEROS ETESA | B43: AFILIACION REGIMEN SUBSIDIADO | C43: 4628895 | D43: SALUD
A44: OTROS RENDIMIENTOS FINANCIEROS | B44: SEGÚN ORIGEN | C44: 41604832
A45: FONDO DE ACTIVIDADES LUDICAS | B45: ACTIVIDADES LUDICAS | C45: 1229000 | D45: CULTURA
A46: FONDO DE VIVIENDA | B46: VIVIENDA
A47: FONDO DE ASISTENCIA TECNICA AGROPECUARIA | B47: AGROPECUARIO | C47: 6362065 | D47: ECONOMICO
A48: FONDO DE SOLIDARIDAD Y REDISTRIBUCION DEL INGRESO | B48: SUBSIDIOS ACUEDUCTO, ALCANTARILLADO Y ASEO | C48: 88231991 | D48: SERVICIOS PÚBLICOS
A49: CREDITO | B49: EN LOS TÉRMINOS SEÑALADOS POR EL ACUERDO QUE AUTORIZA EL CUPO DE ENDEUDAMIENTO | C49: 5061550000 | D49: INFRAESTRUCTURA
A55: TOTAL RECURSOS PARA INVERSION | C55: =SUM(C9:C54) -> 4.3453921e+10
A57: GASTOS DE FUNCIONAMIENTO | C57: =+#REF! -> #REF!
A58: SERVICIO DE LA DEUDA | C58: =+#REF! -> #REF!
A59: TOTAL GASTOS | C59: =+C58+C57+C55 -> #REF!
C96: 569605000
C98: =+C96/2 -> 284802500
